Workbook
Name ___nit1: #REF!
Name ___nit1: #REF!
Name __nit1: #REF!
Name __nit1: #REF!
Name _nit1: #REF!
Name _nit1: #REF!
Name A_impresión_IM: #REF!
Name A_impresión_IM: #REF!
Name aaa: MATCH(0.01,'Plan de Continuidad'!End_Bal,-1)+1
Name aaa: MATCH(0.01,End_Bal,-1)+1
Name aaa: MATCH(0.01,End_Bal,-1)+1
Name agencias: [1]Listas!$U$2:$U$10
Name avvillas: #REF!
Name avvillas: #REF!
Name BANCOS: [2]BANCOS!$A$2:$A$25
Name Beg_Bal: #REF!
Name Beg_Bal: #REF!
Name cartera: #REF!
Name cartera: #REF!
Name clientes: #REF!
Name clientes: #REF!
Name Data: #REF!
Name Data: #REF!
Name depositos: #REF!
Name depositos: #REF!
Name DINERS: #REF!
Name DINERS: #REF!
Name End_Bal: #REF!
Name End_Bal: #REF!
Name Extra_Pay: #REF!
Name Extra_Pay: #REF!
Name FECHA: #REF!
Name FECHA: #REF!
Name Full_Print: #REF!
Name Full_Print: #REF!
Name Header_Row: ROW(#REF!)
Name Int: #REF!
Name Int: #REF!
Name Interest_Rate: #REF!
Name Interest_Rate: #REF!
Name ITEM: #REF!
Name ITEM: #REF!
Name Last_Row: #N/A
Name Last_Row: IF([3]COOADAMS!Values_Entered,Header_Row+[3]COOADAMS!Number_of_Payments,Header_Row)
Name Last_Row: IF([3]COOADAMS!Values_Entered,Header_Row+[3]COOADAMS!Number_of_Payments,Header_Row)
Name Last_Row: IF([3]COOADAMS!Values_Entered,Header_Row+[3]COOADAMS!Number_of_Payments,Header_Row)
Name Loan_Amount: #REF!
Name Loan_Amount: #REF!
Name Loan_Start: #REF!
Name Loan_Start: #REF!
Name Loan_Years: #REF!
Name Loan_Years: #REF!
Name MONITOR: #REF!
Name MONITOR: #REF!
Name MONITOR_AVVILLAS: #REF!
Name MONITOR_AVVILLAS: #REF!
Name Net_Income: #REF!
Name Net_Income: #REF!
Name NetIncomeGrowth: #REF!
Name NetIncomeGrowth: #REF!

Sheet DATA Registro eventos SARO
A1: a. Referencia | B1: b. Fecha de inicio del evento | C1: c. Fecha de finalización del evento | D1: d. Fecha del descubrimiento | E1: e. Fecha de contabilización | F1: f. Cuantía | G1: g. Cuantía total recuperada | H1: h. Cuantía recuperada por seguros | I1: i. Clase de riesgo operativo | J1: j. Cuenta Contable afectada | K1: k. Producto/servicio afectado | L1: l. Proceso | M1: m. Descripción del evento | N1: n. Canal de servicio o atención al cliente donde se evidencio el evento, si aplica. | O1: o. Ciudad o zona geográfica donde se materializó el evento, si aplica.
A2: 01-22-01 | B2: 44521 | C2: 45616 | D2: 44521 | E2: No aplica | F2: La SES tiene potestad para sancionar hasta con 200 SMLMV | G2: N.A. | H2: N.A. | I2: 721 | J2: N.A. | K2: N.A. | L2: Contable | M2: Debido a una caída del internet por falla eléctrica, el reporte SICSES no pudo enviarse en la fecha máxima establecida y debe solicitarse autorización para transmisión extemporánea | N2: N.A. | O2: Cali

Sheet Descripcion campos registro
A1: CAMPO | B1: DESCRIPCION
A2: a. Referencia | B2: Mes-Año-# evento (MM/AA/##)
A3: b. Fecha de inicio del evento | B3: Fecha en que se inició el evento, indicando día, mes año, hora
A4: c. Fecha de finalización del evento | B4: Fecha en que se finalizó el evento, indicando día, mes, año, hora.
A5: d. Fecha del descubrimiento | B5: Fecha en que se descubre el evento, indicando día, mes año, hora.
A6: e. Fecha de contabilización | B6: Fecha en que se registra contablemente la pérdida tipo a) por el evento, según lo señalado en el numeral 5.5 del presente capítulo.
A7: f. Cuantía | B7: El monto de dinero al que asciende la pérdida según la descripción contenida en el numeral 5.5, del presente capítulo.
A8: g. Cuantía total recuperada | B8: El monto de dinero recuperado por acción directa de la organización solidaria.
A9: h. Cuantía recuperada por seguros | B9: Corresponde al monto de dinero recuperado por el cubrimiento a través de un seguro.
A10: i. Clase de riesgo operativo | B10: Se establece la clasificación por factor de riesgo operativo asociada al evento registrado, según la clasificación definida en el Anexo 1 del presente Capítulo.
A11: j. Cuenta Contable afectada | B11: Identifica la cuenta del Plan Único de Información Financiera con fines de supervisión afectada, donde se registra contablemente la pérdida por el evento, si aplica.
A12: k. Producto/servicio afectado | B12: Identifica el principal producto o servicio afectado, si aplica.
... A14: m. Descripción del evento | B14: Descripción detallada del evento.
A15: n. Canal de servicio o atención al cliente donde se evidencio el evento, si aplica.
A16: o. Ciudad o zona geográfica donde se materializó el evento, si aplica.

Sheet RIESGO INHERENTE 
A1: CLASIFICACION | E1: EVALUACION DEL RIESGO INHERENTE | H1: EVALUACION DE LOS CONTROLES EXISTENTES | M1: RIESGO RESIDUAL | P1: TRATAMIENTO DEL RIESGO | S1: SEGUIMIENTO
A2: Nivel 1 | B2: Nivel 2 | C2: Nivel 3 | D2: CAUSAS | E2: Probabilidad | F2: Impacto | G2: INHERENTE | H2: Descripción del Control Existente | I2: Responsable | J2: Frecuencia | K2: Tipo | L2: Efectividad | M2: Reducción de la Probabilidad | N2: Reducción del Impacto | O2: RIESGO RESIDUAL | P2: Descripcion | Q2: Responsable | R2: Prioridad | S2: Responsable | T2: Fecha | U2: Estado
A3: 1 - Fraude Interno | B3: 11 - Actividades no autorizadas | C3: 111 - Operaciones no reveladas intencionalmente | D3: Quienes dirigen o administran quieren obtener mejores condiciones en los servicios de las que establecen los reglamentos | E3: 1 | F3: 1 | G3: =VLOOKUP(E3*F3,'riesgo inherente-Anexo '!C4:D28,2,TRUE) -> Bajo | H3: 1. Todos los créditos de partes relacionadas (privilegiados y empleados) son aprobados por 4/5 partes del Consejo de Administración 2. En las notas a los estados financieros se incluye una revelación especial sobre partes relacionadas. 3. El estatuto tiene régimen de inhabilidades e incompatibilidades prohibe prebendas, ventajas, comisiones o similares a los órganos de administración y control. 4. Se cuenta con codigo de buen gobierno. 5. Segregación de funciones: autorización, registro, desembolso y reporte 6. Poliza de Manejo | I3: Directora de Riesgos, Gerencia, Contadora, Auditoría Interna | J3: Periódico | K3: Detectivo | L3: Alta | M3: 1 | N3: 5 | O3: =VLOOKUP((E3*F3)-(M3*N3),'riesgo inherente-Anexo '!C2:D28,2,TRUE) -> Bajo | P3: Hacer seguimiento a las condiciones operaciones activas y pasivas y otros tipos de operación de compra y venta en la que puedan presentarse conflictos de interés | Q3: Auditoría, Riesgos | R3: Alta | S3: Gestor de Riesgos | T3: 44926 | U3: Implementación
A4: 1 - Fraude Interno | B4: 11 - Actividades no autorizadas | C4: 112 - Operaciones no autorizadas con pérdida de dinero | D4: Operaciones por fuera de los límites y condiciones reglamentarias que no fueron autorizadas por la instancia competente | E4: 2 | F4: 3 | G4: =VLOOKUP(E4*F4,'riesgo inherente-Anexo '!C4:D28,2,TRUE) -> Moderado | H4: 1. Reglamentos y estatutos contienen limitaciones atribuciones y competencias de Gerencia, Comités, Consejo y funcionarios en lo relativo a los servicios, gastos e inversiones. 2. Limites legales de concentración. 3. Segregación de funciones. 4. Claves del aplicativo personalizadas y se cambian periódicamente por solicitud del sistema. 5. En la disposición de recursos financieros existe firmas conjuntas, visación de nota contable y segregación cargue y aprobación. 6. Contabilización solo despues de autorización de Gerencia o Consejo y pago a proveedores solo con casusación. 7. Arqueo diario de efectivo a los cajeros. 8. Póliza manejo GLOBAL | I4: Tesorería, Contabilidad, Auditoría Interna, Gerencia y Jefe de Servicios Financieros | J4: Permanente | K4: Preventivo | L4: Alta | M4: 5 | N4: 5 | O4: =VLOOKUP((E4*F4)-(M4*N4),'riesgo inherente-Anexo '!C2:D28,2,TRUE) -> Bajo | P4: No se requiere | Q4: N.A. | R4: Baja | S4: Gestor de Riesgos | T4: 44926 | U4: Funcionamiento
A5: 1 - Fraude Interno | B5: 11 - Actividades no autorizadas | C5: 113 - Valoración errada de posiciones de forma intencional | D5: Se altera, "maquilla" o presenta tendenciosamente la información de análisis de riesgo sobre cualquier operación que busca la aprobación de la misma aún a pesar de que representa riesgo para la entidad | E5: 1 | F5: 3 | G5: =VLOOKUP(E5*F5,'riesgo inherente-Anexo '!C4:D28,2,TRUE) -> Bajo | H5: 1. Análisis de crédito (requisitos y criterios mínimos obligatorios) lo realiza el analista de crédito y lo revisa el comité de Crédito. Estudio de capacidad de pago generado por LINIX con informacion ingresada a partir de documentación confirmada (cartas laborales, consulta centrales riesgo). 2. Limitación en los montos por instancia aprobatoria (Jefe de Servicios, Secretarias Administrativas hasta 1,5 SMLMV, gerencia hasta 5 SMLMV y luego comité hasta 40 SMLMV de allí en adelante Consejo). 3. Metodología de Evaluación de cartera aprobada por Consejo y efectuada por Area de Riesgos (antes Jefe de Cartera), se presenta al comité de riesgos y al Consejo permite identificar fallas del proceso de otorgamiento. 4. Las inversiones de fondo de liquidez y los excesos temporales de tesorería se invierten en instrumentos de corto plazo y baja volatilidad. 5. Solo se tienen inversiones de patrimonio en entes gremiales y entidades del sector solidario 6. No se hacen inversiones especulativas ni en propiedades de inversión. 7. Solo se tienen los bienes inmuebles donde funciona la Cooperativa y el avalúo se actualiza de manera técnica e independiente. | I5: Auditoria Interna y Riesgos verifica cumplimiento de limites y políticas en materia de instancias y atribuciones. Jefe de Crédito revisa lo relativo a crédito | J5: Permanente | K5: Preventivo | L5: Alta | M5: 5 | N5: 3 | O5: =VLOOKUP((E5*F5)-(M5*N5),'riesgo inherente-Anexo '!C2:D28,2,TRUE) -> Bajo | P5: No se requiere | Q5: N.A. | R5: Baja | S5: Gestor de Riesgos | T5: 44926 | U5: Implementación
A6: 1 - Fraude Interno | B6: 12 - Hurto y Fraude | C6: 121 - Fraude: fraude crediticio, hurto, depósito sin valor, etc. | D6: Abusos de confianza de personas que conocen los procedimientos internos y aprovechan sus falencias | E6: 1 | F6: 4 | G6: =VLOOKUP(E6*F6,'riesgo inherente-Anexo '!C4:D28,2,TRUE) -> Bajo | H6: 1. Póliza de manejo GLOBAL. 2. Seguimiento a los movimientos y operaciones de los empleados y directivos (SARLAFT). 3. Verificación diaria de movimientos y consecutivos: a) Auxiliar de oficina arma movimiento diario b) Contabilidad verifica registro y soporte c) Se remite a la Jefe de Servicios Financieros para revisión antes de enviar al archivo 4. Verificación diaria de las notas de causación de intereses | I6: Oficial de cumplimiento, Auxiliar, Contabilidad, Jefe de Servicios Financieros, Auditor | J6: Permanente | K6: Preventivo | L6: Alta | M6: 1 | N6: 1 | O6: =VLOOKUP((E6*F6)-(M6*N6),'riesgo inherente-Anexo '!C2:D28,2,TRUE) -> Bajo | P6: No se requiere | Q6: N.A. | R6: Alta | S6: Gestor de Riesgos | T6: 44926 | U6: Implementación
A7: 1 - Fraude Interno | B7: 12 - Hurto y Fraude | C7: 122 - Extorsión, malversación, o robo por apropiación indebida | D7: Funcionarios aprovechan las fallas de control interno para sustraer dinero, valores o bienes de la entidad | E7: 1 | F7: 4 | G7: =VLOOKUP(E7*F7,'riesgo inherente-Anexo '!C4:D28,2,TRUE) -> Bajo | H7: 1. Vigilancia privada 2. Monitoreo de Alarmas. 3. Rondas programadas con la Policía. 4. Limite a recursos en efectivo en Caja. 5. Transportadora de Valores. 6. Poliza de seguro contra robos. 7. Apertura de oficina con Guarda. 8. Trabajo fuera del horario laboral requiere autorización de Gerencia | I7: Jefe de Servicios Financieros | J7: Permanente | K7: Preventivo | L7: Alta | M7: 1 | N7: 1 | O7: =VLOOKUP((E7*F7)-(M7*N7),'riesgo inherente-Anexo '!C2:D28,2,TRUE) -> Bajo | P7: No se requiere | Q7: N.A. | R7: Baja | S7: Gestor de Riesgos | T7: 44926 | U7: Implementación
A8: 1 - Fraude Interno | B8: 12 - Hurto y Fraude | C8: 123 - Apropiación indebida de activos | D8: La falta de control sobre los activos fijos de la entidad facilita que los funcionarios puedan hacer uso indebido de los mismos para uso personal o apropiarse de ellos | E8: 1 | F8: 3 | G8: =VLOOKUP(E8*F8,'riesgo inherente-Anexo '!C4:D28,2,TRUE) -> Bajo | H8: 1. Arqueos diarios de caja. 2. Titulos de deuda desmaterializados. 3. Caja Fuerte con temporizador que solo maneja cajero principal y subgerente. 4. No se puede abrir la caja en días no laborales. 5. Retiro de bienes con permiso especial. 6. Circuito Cerrado de Televisión CCTV en todas las sucursales con monitoreo por vigilante. 7. Poliza GLOBAL de Manejo (fidelidad). 8. Pagarés y titulos valores en caja fuerte custodiada por analista y jefe de crédito y otra caja fuerte para Garantias reales. 9. Clave de acceso para Alarmas diferentes y personalizadas para 4 personas diferentes. | I8: Gerencia, cajeros y Sistemas | J8: Permanente | K8: Preventivo | L8: Alta | M8: 1 | N8: 1 | O8: =VLOOKUP((E8*F8)-(M8*N8),'riesgo inherente-Anexo '!C2:D28,2,TRUE) -> Bajo | P8: Pagarés desmaterializados y digitalización de pagarés, titulos valores y documentación contable | Q8: Gerencia | R8: Alta | S8: Gestor de Riesgos | T8: 44926 | U8: Planeación
A9: 1 - Fraude Interno | B9: 12 - Hurto y Fraude | C9: 124 - Destrucción dolosa de activos | D9: Los empleados sabotean o destruyen equipos por disgusto con la entidad o sus directivos | E9: 1 | F9: 3 | G9: =VLOOKUP(E9*F9,'riesgo inherente-Anexo '!C4:D28,2,TRUE) -> Bajo | H9: 1. Poliza de PPE 2. Custodia en caja furte de dinero, titulos valores. | I9: Gerente, Subgerente, Cajero Ppal | J9: Permanente | K9: Preventivo | L9: Alta | M9: 1 | N9: 1 | O9: =VLOOKUP((E9*F9)-(M9*N9),'riesgo inherente-Anexo '!C2:D28,2,TRUE) -> Bajo | P9: No se requiere | Q9: N.A. | R9: Baja | S9: Gestor de Riesgos | T9: 44926 | U9: Implementación
A10: 1 - Fraude Interno | B10: 12 - Hurto y Fraude | C10: 125 - Falsificación | D10: Los funcionarios que conocen los procesos utilizan documentación falsa para lograr sustraer recursos | E10: 1 | F10: 4 | G10: =VLOOKUP(E10*F10,'riesgo inherente-Anexo '!C4:D28,2,TRUE) -> Bajo | H10: 1. Verificación de información y documentos en las solicitudes de crédito. 2. Desembolsos solo con crédito original. 3. Escaneo en el sistema de huella, foto y cédula. 4. Vinculación personal con documentos originales y huella en presencia de un empleado. 5. Consecutivos de cheques cargado en el sistema. 6. Conciliaciones Bancarias. 7. La chequera solo la maneja el auxiliar de crédito o el Director de Agencia | I10: Información y Oficial de cumplimiento | J10: Permanente | K10: Preventivo | L10: Alta | M10: 1 | N10: 1 | O10: =VLOOKUP((E10*F10)-(M10*N10),'riesgo inherente-Anexo '!C2:D28,2,TRUE) -> Bajo | P10: Seguridad biométrica y vinculación no presencial | Q10: Gerencia | R10: Baja | S10: Gestor de Riesgos | T10: 45291 | U10: Planeación
A11: 1 - Fraude Interno | B11: 12 - Hurto y Fraude | C11: 126 - Apropiación de: cuentas, identidad, etc. | D11: Funcionarios suplantan la identidad de asociados para tramitar servicios a su nombre cuyos recursos finalmente benefician al funcionario o allegados | E11: 1 | F11: 3 | G11: =VLOOKUP(E11*F11,'riesgo inherente-Anexo '!C4:D28,2,TRUE) -> Bajo | H11: 1. Topes para retiros por caja. 2. Visación de firma. 3. Documento original para retiro por caja. 4. El sistema tiene foto, huella y documento escaneado. 5. Libreta Talonario y formatos individuales para retiro 6. Tarjetas débito con clave. 7. Transferencias solo a cuentas con cetificación bancaria con autorización escrita del asociado en formato prestablecido y presencial | I11: Cajero | J11: Permanente | K11: Preventivo | L11: Alta | M11: 1 | N11: 1 | O11: =VLOOKUP((E11*F11)-(M11*N11),'riesgo inherente-Anexo '!C2:D28,2,TRUE) -> Bajo | P11: Seguridad biométrica y vinculación no presencial | Q11: Gerencia | R11: Baja | S11: Gestor de Riesgos | T11: 45291 | U11: Planeación
A12: 1 - Fraude Interno | B12: 12 - Hurto y Fraude | C12: 127 - Evasión intencional de impuestos | D12: Los directivos de la entidad presionan la administracion para pagar menos impuestos de los que por ley corresponden | E12: 1 | F12: 5 | G12: =VLOOKUP(E12*F12,'riesgo inherente-Anexo '!C4:D28,2,TRUE) -> Bajo | H12: 1. Cooperativa es régimen tributario especial. 2. Revisión declaraciones tributarias. 3. Revisión aleatoria de causación y pago de declaraciones de impuestos, retenciones e información exógena | I12: Contador, Auditor Interno | J12: Permanente | K12: Preventivo | L12: Alta | M12: 1 | N12: 1 | O12: =VLOOKUP((E12*F12)-(M12*N12),'riesgo inherente-Anexo '!C2:D28,2,TRUE) -> Bajo | P12: No se requiere | Q12: N.A. | R12: Baja | S12: Gestor de Riesgos | T12: 44926 | U12: Implementación
A13: 1 - Fraude Interno | B13: 12 - Hurto y Fraude | C13: 128 - Abuso de información privilegiada (no a favor de la empresa) | D13: Funcionarios sustraen información sobre los asociados para vender las bases de datos a terceros | E13: 1 | F13: 1 | G13: =VLOOKUP(E13*F13,'riesgo inherente-Anexo '!C4:D28,2,TRUE) -> Bajo | H13: 1. Código de ética, conducta y buen gobierno. 2. Seguridad informática para el acceso a las bases de datos. 3. Política de tratamiento de datos y Oficial de protección de datos 4. Transacciones a través de canales personales: No se cuenta con canales transaccionales digitales ni Corresponsales bancarios. 5. Atribuciones para acceso a aplicativos y generación de reportes. 6. Consulta WEB responsabilidad de LINIX 7. AVAL PAY servicio con seguridad bajo responsabilidad de Grupo Aval 8. Aplicativos con seguridad SSL: página WEB simulador créditos, Recepción de hojas de vida. | I13: Oficial de protección de Datos | J13: Permanente | K13: Preventivo | L13: Alta | M13: 1 | N13: 1 | O13: =VLOOKUP((E13*F13)-(M13*N13),'riesgo inherente-Anexo '!C2:D28,2,TRUE) -> Bajo | P13: Establecer controles automáticos informáticos para envio de bases de datos a través de correos electrónicos o dispositivos externos | Q13: Sistemas | R13: Media | S13: Gestor de Riesgos | T13: 44926 | U13: Planeación
A14: 1 - Fraude Interno | B14: 12 - Hurto y Fraude | C14: 129 - Soborno, cohecho, otros relacionados en la ley | D14: Los funcionarios aceptan sobornos, prebendas y similares de los asociados o terceros para obtener tratamiento diferencian en los servicios o contratación | E14: 1 | F14: 5 | G14: =VLOOKUP(E14*F14,'riesgo inherente-Anexo '!C4:D28,2,TRUE) -> Bajo | H14: 1. Segregación en facultades de análisis, registro, autorización, desembolso. 2. Varias cotizaciones para adquisición de bienes y servicios por valores representativos. 3. Limitaciones en las atribuciones de compras o autorizaciones o aprobaciones. 4. Pólizas de cumplimiento | I14: Gerencia | J14: Permanente | K14: Preventivo | L14: Alta | M14: 1 | N14: 1 | O14: =VLOOKUP((E14*F14)-(M14*N14),'riesgo inherente-Anexo '!C2:D28,2,TRUE) -> Bajo | P14: No se requiere | Q14: N.A. | R14: Media | S14: Gestor de Riesgos | T14: 44926 | U14: Implementación
A15: 2 - Fraude Externo | B15: 21 - Seguridad de los Sistemas | C15: 211 - Robo de información con pérdidas de dinero | D15: "Hackers" sustraen información de productos de los asociados para efectuar transacciones a su nombre con transferencia de recursos a terceras personas | E15: 2 | F15: 5 | G15: =VLOOKUP(E15*F15,'riesgo inherente-Anexo '!C4:D28,2,TRUE) -> Moderado | H15: 1. Servidor de Base de Datos hace copia automática al finalizar el día 9-10 pm: servidor y copia espejo servidor de aplicaciones (interno), luego se guarda en disco duro externo conservado en Boveda Principal / DRP copia en servidor de Palmira de ambiente virtual y replicado en la NUBE. 2. Antivirus SOPHOS Intercept XDR y Firewall XG210 SOPHOS (seguridad perimetral). 3. Acceso VPN CANAL SSL (Cifrado), politicas de acceso control WEB. 4. Cada usuario cuenta con una UNIDAD DE RED y tales copias se respaldan en una NAS internamente en Candelaria y luego se copian en Palmira. 5. Descompresión de copias en ambiente de pruebas cada 6 meses. | I15: Sistemas | J15: Permanente | K15: Preventivo | L15: Alta | M15: 5 | N15: 5 | O15: =VLOOKUP((E15*F15)-(M15*N15),'riesgo inherente-Anexo '!C2:D28,2,TRUE) -> Bajo | P15: Migrar hacia la NUBE | Q15: Sistemas y Gerencia | R15: Alta | S15: Gestor de Riesgos | T15: 46022 | U15: Planeación
A16: 2 - Fraude Externo | B16: 21 - Seguridad de los Sistemas | C16: 212 - Daños por ataques informáticos | D16: "Hackers" penetran las bases de datos y aplicativos de la entidad para destruir la infomación, encriptarla con el propósito de pedir dinero por el rescate o solamente para causar daño a la entidad | E16: 2 | F16: 5 | G16: =VLOOKUP(E16*F16,'riesgo inherente-Anexo '!C4:D28,2,TRUE) -> Moderado | H16: =+H15 -> 1. Servidor de Base de Datos hace copia automática al finalizar el día 9-10 pm: servidor y copia espejo servidor de aplicaciones (interno), luego se guarda en disco duro externo conservado en Boveda Principal / DRP copia en servidor de Palmira de ambiente virtual y replicado en la NUBE. 2. Antivirus SOPHOS Intercept XDR y Firewall XG210 SOPHOS (seguridad perimetral). 3. Acceso VPN CANAL SSL (Cifrado), politicas de acceso control WEB. 4. Cada usuario cuenta con una UNIDAD DE RED y tales copias se respaldan en una NAS internamente en Candelaria y luego se copian en Palmira. 5. Descompresión de copias en ambiente de pruebas cada 6 meses. | I16: Sistemas | J16: Permanente | K16: Preventivo | L16: Alta | M16: 5 | N16: 5 | O16: =VLOOKUP((E16*F16)-(M16*N16),'riesgo inherente-Anexo '!C2:D28,2,TRUE) -> Bajo | P16: =+P15 -> Migrar hacia la NUBE | Q16: =+Q15 -> Sistemas y Gerencia | R16: Alta | S16: Gestor de Riesgos | T16: =+T15 -> 46022 | U16: Planeación
A17: 2 - Fraude Externo | B17: 22 - Hurto y Fraude | C17: 221 - Robo o hurto | D17: Criminales o grupos organizados de delincuentes irrumpen con o sin violencia para tratar de apropiarse de dinero, valores o activos de valor económico representativo | E17: 3 | F17: 3 | G17: =VLOOKUP(E17*F17,'riesgo inherente-Anexo '!C4:D28,2,TRUE) -> Moderado | H17: 1. Vigilancia (Informador) propia NO armada. 2. Monitoreo de Alarmas. 3. Rondas programadas con la Policía. 4. Limite a recursos en efectivo en Caja. (ppal $120 boveda + $12, otras Boveda $30-$35 Caja $8) 5. Transportadora de Valores. 6. Poliza de seguro contra robos por valor superior a los topes de efectivo. 7. Informadores (2) tienen clave y se encargan de apertura de la oficina en la principal. En las demás oficinas las secretarias administrativas y cajera (o) tienen la clave para apertura. La Jefe de la oficina contingentemente podría abrirlas ante la ausencia de los encargados con la colaboración de la empresa de seguridad. 8. Localización de la oficina central en parque principal, y las demás están localizadas en zonas de alta seguridad y baja vulnerabilidad en zonas bancarias. | I17: Gerencia y Jefes de Oficina | J17: Permanente | K17: Preventivo | L17: Alta | M17: 5 | N17: 5 | O17: =VLOOKUP((E17*F17)-(M17*N17),'riesgo inherente-Anexo '!C2:D28,2,TRUE) -> Bajo | P17: No se requiere | Q17: N.A. | R17: Baja | S17: Gestor de Riesgos | T17: 44926 | U17: Implementación
A18: 2 - Fraude Externo | B18: 22 - Hurto y Fraude | C18: 222 - Falsificación | D18: Terceras personas buscan suplantar la identidad o presentan documentos falsos respecto a sus ingresos o bienes, o soporte de sus solicitudes para obtener servicios - auxilios indebidamente | E18: 3 | F18: 2 | G18: =VLOOKUP(E18*F18,'riesgo inherente-Anexo '!C4:D28,2,TRUE) -> Moderado | H18: 1. Verificación de información y documentos en las solicitudes de crédito. 2. Desembolsos solo con crédito original. 3. Verificación con documento de identificación original para servicios de ahorro y crédito y demás operaciones 4. Vinculación y entrevista personal con documentos originales y huella en presencia de un empleado. 5. Chequeras en BOVEDA y Consecutivos de cheques cargado en el sistema. 6. Conciliaciones Bancarias. 7. La chequera solo la maneja las jefes de oficina | I18: Cajeros, oficial de cumplimiento, asesores comerciales | J18: Permanente | K18: Preventivo | L18: Alta | M18: 5 | N18: 1 | O18: Bajo | P18: Seguridad biométrica y vinculación no presencial | Q18: Gerencia | R18: Alta | S18: Gerencia, Riesgos y Sistemas | T18: 44926 | U18: Implementación
A19: 3 - Relaciones laborales | B19: 31 - Relaciones Laborales | C19: 311 - Cuestiones relativas a remuneración | D19: No se establece objetivamente por parte de los directivos y la Gerencia una escala salarial acorde con los cargos, responsabilidades, experticia, funciones y el mercado | E19: 3 | F19: 1 | G19: =VLOOKUP(E19*F19,'riesgo inherente-Anexo '!C4:D28,2,TRUE) -> Bajo | H19: 1. Se suplen las vacantes internas promoviendo a los empleados de la Cooperativa segun su perfil y desempeño. 2. El salario de los cargos está ligeramente por debajo del promedio del sector pero la rotación es baja y se cuenta con prima extralegal 20 días y BONO Diciembre hasta 50% salario. 3. Salario emocional: Celebración dia del cumpleaños y dia de la familia 4. Se contrata a término fijo a los nuevos empleados, solo los antiguos son contrato a término indefinido | I19: Consejo de Administración | J19: Permanente | K19: Preventivo | L19: Alta | M19: 3 | N19: 1 | O19: =VLOOKUP((E19*F19)-(M19*N19),'riesgo inherente-Anexo '!C2:D28,2,TRUE) -> Bajo | P19: 1. Realizar estudio PROPIO de escala salarial. 2. Efectuar evaluación de clima laboral 3. Implementar evaluación de desempeño anual | Q19: Gerencia y Consejo | R19: Alta | S19: Gestor de Riesgos | T19: 44926 | U19: Implementación
A20: 3 - Relaciones laborales | B20: 31 - Relaciones Laborales | C20: 312 - Cuestiones relativas a prestaciones sociales | D20: Por desconocimiento de las personas encargadas de liquidarlas se pagan valores diferentes a los que corresponde por ley | E20: 1 | F20: 1 | G20: =VLOOKUP(E20*F20,'riesgo inherente-Anexo '!C4:D28,2,TRUE) -> Bajo | H20: 1. Se pagan las prestaciones sociales de ley oportunamente de acuerdo con las bases y normas del código sustantivo del trabajo. 2. Contabilidad revisa antes de los pagos. 3. Nomina electrónica implementada | I20: Contador | J20: Permanente | K20: Preventivo | L20: Alta | M20: 1 | N20: 1 | O20: =VLOOKUP((E20*F20)-(M20*N20),'riesgo inherente-Anexo '!C2:D28,2,TRUE) -> Bajo | P20: No se requiere | Q20: N.A. | R20: Baja | S20: Gestor de Riesgos | T20: 44926 | U20: Funcionamiento
A21: 3 - Relaciones laborales | B21: 31 - Relaciones Laborales | C21: 313 - Cuestiones relativas a terminación de contratos | D21: Se terminan indebidamente los contratos en términos económicos, legales o formales que dan lugar a reclamaciones o demandas | E21: 1 | F21: 1 | G21: =VLOOKUP(E21*F21,'riesgo inherente-Anexo '!C4:D28,2,TRUE) -> Bajo | H21: 1. La liquidación final de prestaciones sociales se hace conforme a las bases y normas del código sustantivo de trabajo informando con el término legal de antelación la no renovación de los contratos a término fijo o pagando la respectiva indemnización cuando es sin justa causa. 2. Baja Rotación laboral | I21: Contador y Gerente | J21: Permanente | K21: Preventivo | L21: Alta | M21: 1 | N21: 1 | O21: =VLOOKUP((E21*F21)-(M21*N21),'riesgo inherente-Anexo '!C2:D28,2,TRUE) -> Bajo | P21: No se requiere | Q21: N.A. | R21: Baja | S21: Gestor de Riesgos | T21: 44926 | U21: Funcionamiento
A22: 3 - Relaciones laborales | B22: 31 - Relaciones Laborales | C22: 314 - Organización laboral | D22: Las funciones, responsabilidades y procedimientos no están documentados o no están claramente definidos y conocidos por parte de los funcionarios o están mal distribuidos generando cargas desequilibradas de trabajo | E22: 3 | F22: 2 | G22: =VLOOKUP(E22*F22,'riesgo inherente-Anexo '!C4:D28,2,TRUE) -> Moderado | H22: 1. Se cuenta con organigrama actualizado. 2. Existe adecuada segregación de funciones y separación funcional de areas comerciales, de apoyo y de riesgos. 3. Se cuenta con reglamento interno de trabajo actualizado el cual es conocido y difundido entre los empleados cuando se produce un cambio. 4. En situaciones complejas se cuenta con asesoría especializada en temas laborales 5. Los empleados pueden ser asociados pero no aspirar a Delegados ni miembros de los órganos de administración y control. | I22: Consejo de Administración | J22: Permanente | K22: Preventivo | L22: Alta | M22: 1 | N22: 1 | O22: =VLOOKUP((E22*F22)-(M22*N22),'riesgo inherente-Anexo '!C2:D28,2,TRUE) -> Bajo | P22: 1. El consejo de administración o Junta de Vigilancia debe canalizar su relación con los empleados a través de la gerencia y no impartir instrucciones o dar ordenes directamente, ni desautorizar a la Gerencia o mantener relaciones de confianza estrecha con los trabajadores. 2. Actualizar reglamento interno de trabajo. | Q22: Consejo de Administración | R22: Alta | S22: Gestor de Riesgos | T22: 44926 | U22: Implementación
A23: 3 - Relaciones laborales | B23: 32 - Higiene y Seguridad en el Trabajo | C23: 321 - Responsabilidad general: caídas, resbalones, cortadas, etc. | D23: No se cuenta con una adecuada seguridad física y señalización en el trabajo que prevenga o evite accidentes graves | E23: 2 | F23: 5 | G23: =VLOOKUP(E23*F23,'riesgo inherente-Anexo '!C4:D28,2,TRUE) -> Moderado | H23: 1. Se cuenta con todos los protocolos de seguridad y mitigación en caso de accidentes laborales que exige (Camilla, Botiquín, Tensiometro). 2. Se capacita y hacen simulacros para atender accidentes laborales o atender emergencias. 3. Todos los empleados cuentan con seguridad social y ARL. 4. Comité y asesor han evaluado señalización y condiciones de seguridad fisica | I23: Asesor Externo | J23: Permanente | K23: Preventivo | L23: Alta | M23: 5 | N23: 1 | O23: =VLOOKUP((E23*F23)-(M23*N23),'riesgo inherente-Anexo '!C2:D28,2,TRUE) -> Bajo | P23: 1. Capacitación ANUAL en primeros auxilios y reanimación los empleados. 2. Revisar contrato de servicio de emergencia médica o contacto para Ambulancias 3. Corregir Rampa en Palmira | Q23: Gerencia | R23: Alta | S23: Gestor de Riesgos | T23: 44926 | U23: Implementación
A24: 3 - Relaciones laborales | B24: 32 - Higiene y Seguridad en el Trabajo | C24: 322 - Casos relacionados con las normas de higiene y seguridad | D24: No se tienen implementados los estándares legales para seguridad en el trabajo o no son conocidos o no están adecuadamente capacitados los empleados | E24: 3 | F24: 3 | G24: =VLOOKUP(E24*F24,'riesgo inherente-Anexo '!C4:D28,2,TRUE) -> Moderado | H24: 1. Se efectúa evaluación y seguimiento periodico de ergonomía y condiciones físicas de los puestos de trabajo para corregir inmediatamente. 2. Pausas activas programadas. 3. Se practica exámen médico de ingreso y retiro y paquete anual de examenes de salud y recomendaciones de salud ocupacional 4. Desde inicio de Pandemia se cuenta con medidas físicas, control de aforo y protocolos de BIOSEGURIDAD | I24: Asesor Externo | J24: Periódico | K24: Preventivo | L24: Alta | M24: 1 | N24: 1 | O24: =VLOOKUP((E24*F24)-(M24*N24),'riesgo inherente-Anexo '!C2:D28,2,TRUE) -> Moderado | P24: 1. Establecer ambulancia o empresa para atender emergencias médicas 2. Corregir algunos puntos de iluminacion 3. Mantenimiento y revisión de sillas anualmente | Q24: Gerencia | R24: Alta | S24: Gestor de Riesgos | T24: 44926 | U24: Implementación
A25: 3 - Relaciones laborales | B25: 32 - Higiene y Seguridad en el Trabajo | C25: 323 - Indemnización a trabajadores | D25: La persona encargada de liquidar las indemnizaciones a trabajadores que se les termina el contrato no está adecuadamente capacitada o no cuenta con asesoría especializada | E25: 2 | F25: 2 | G25: =VLOOKUP(E25*F25,'riesgo inherente-Anexo '!C4:D28,2,TRUE) -> Bajo | H25: 1. Los nuevos empleados se contratan bajo la modalidad de término fijo con contratación y renovación automática a 1 año. 2. Se cuenta con la asesoría de 2 profesionales abogados laboralistas externos para apoyos puntuales 3. Baja rotación laboral, la mayoría de los retiros son voluntarios. | I25: Gerencia y Abogado Externo | J25: Permanente | K25: Preventivo | L25: Alta | M25: 1 | N25: 1 | O25: =VLOOKUP((E25*F25)-(M25*N25),'riesgo inherente-Anexo '!C2:D28,2,TRUE) -> Bajo | P25: Implementar evaluación de desempeño | Q25: N.A. | R25: Baja | S25: Gestor de Riesgos | T25: 44926 | U25: Implementación
A26: 3 - Relaciones laborales | B26: 33 - Discriminación | C26: 331 - Todo tipo de discriminación | D26: No se han efectuado capacitaciones, campañas o formación a los empleados sobre las prácticas prohibidas que constituyen discriminación | E26: 3 | F26: 2 | G26: =VLOOKUP(E26*F26,'riesgo inherente-Anexo '!C4:D28,2,TRUE) -> Moderado | H26: 1. Se cuenta con comité de convivencia laboral. 2. Clima laboral y ambiente de trabajo es excelente sin casos de acoso o discriminación. 3. Capacitación anual sobre prevención del acoso laboral. 4. Paseo anual de integración, fiesta de fin de año, detalle fechas especiales día de la mujer, amor y amistad, dia del padre, dia de la madre | I26: Comité de Convivencia Laboral | J26: Permanente | K26: Preventivo | L26: Alta | M26: 1 | N26: 1 | O26: =VLOOKUP((E26*F26)-(M26*N26),'riesgo inherente-Anexo '!C2:D28,2,TRUE) -> Bajo | P26: No se requiere | Q26: N.A. | R26: Baja | S26: Gestor de Riesgos | T26: 44926 | U26: Implementación
A27: 3 - Relaciones laborales | B27: 34 - Recurso Humano | C27: 341 - Falta de capacitación | D27: No se cuenta con recursos o un plan de capacitación anual para fortalecer y mantener actualizadas las competencias necesarias para el adecuado desempeño en el cargo que tiene asignado | E27: 2 | F27: 3 | G27: =VLOOKUP(E27*F27,'riesgo inherente-Anexo '!C4:D28,2,TRUE) -> Moderado | H27: 1. Capacitación anual en SARLAFT. 2. Capacitación permanente para empleados en relación con su rol a través de seminarios, foros, talleres programados por entidades o asesores expertos. 3. Asesoría y capacitación particular y permanente para la implementación y mantenimiento de los sistemas de riesgo. 4. Se incluye partida de capacitación en el presupuesto a partir de las necesidades que expresa cada área | I27: Comité de Educación y Gerencia | J27: Permanente | K27: Preventivo | L27: Alta | M27: 3 | N27: 1 | O27: =VLOOKUP((E27*F27)-(M27*N27),'riesgo inherente-Anexo '!C2:D28,2,TRUE) -> Bajo | P27: Incluir en el PESEM capacitaciones que mejoren las competencias para sus relaciones con asociados, publico y empleados: servicio al cliente, manejo de conflictos etc. | Q27: comité de educación | R27: Alta | S27: Gestor de Riesgos | T27: 44926 | U27: Implementación
A28: 3 - Relaciones laborales | B28: 34 - Recurso Humano | C28: 342 - Alta rotación de personal | D28: Las malas condiciones de trabajo, el mal clima laboral, situaciones de acoso laboral o sexual, mala remuneración, pocas posibilidades de ascenso, capacitación o crecimiento profesional y personal pueden motivar el retiro constante de empleados | E28: 1 | F28: 3 | G28: =VLOOKUP(E28*F28,'riesgo inherente-Anexo '!C4:D28,2,TRUE) -> Bajo | H28: 1. Buen ambiente laboral. 2. Remuneración ligeramente inferior al sector. 3. Oportunidades de ascenso en la organización. 4. Capacitación permanente. 5. Posibilidad de acceso a los servicios de la Cooperativa 6. Auxilios para educación superior por solicitud individual | I28: Gerencia y Consejo de Administración | J28: Permanente | K28: Preventivo | L28: Alta | M28: 1 | N28: 1 | O28: =VLOOKUP((E28*F28)-(M28*N28),'riesgo inherente-Anexo '!C2:D28,2,TRUE) -> Bajo | P28: No se requiere | Q28: N.A. | R28: Baja | S28: Gestor de Riesgos | T28: 44926 | U28: Implementación
A29: 3 - Relaciones laborales | B29: 34 - Recurso Humano | C29: 343 - Alta temporalidad | D29: Para evitar demandas laborales se contrata personal temporal para atender las actividades misionales de la entidad | E29: 1 | F29: 1 | G29: =VLOOKUP(E29*F29,'riesgo inherente-Anexo '!C4:D28,2,TRUE) -> Bajo | H29: 1. No se tienen trabajadores Temporales. 2. A pesar de que los trabajadores están contratados a término fijo se les renueva permanentemente el contrato y mantienen estabilidad motivo por el cual la gran mayoría de los retiros son voluntarios | I29: Gerencia y Consejo de Administración | J29: Permanente | K29: Preventivo | L29: Alta | M29: 1 | N29: 1 | O29: =VLOOKUP((E29*F29)-(M29*N29),'riesgo inherente-Anexo '!C2:D28,2,TRUE) -> Bajo | P29: No se requiere | Q29: N.A. | R29: Baja | S29: Gestor de Riesgos | T29: 44926 | U29: Implementación
A30: 3 - Relaciones laborales | B30: 34 - Recurso Humano | C30: 344 - Falta de personal | D30: Buscando ahorrar recursos y generar mayores excedentes se sobrecarga de trabajo a los empleados o no se cuenta con planes de contingencia y reemplazo de funcionarios ausentes | E30: 2 | F30: 2 | G30: =VLOOKUP(E30*F30,'riesgo inherente-Anexo '!C4:D28,2,TRUE) -> Bajo | H30: 1. Se asignan horarios y cargas laborales acordes con el cargo, experiencia y responsabilidad. 2. No se presenta trabajo suplementario o por fuera del horario de trabajo de manera excesiva o permanente. 3. Los empleados salen a vacaciones anualmente. 4. Los reemplazos en vacaciones de los empleados son efectuados por un asesor integral u otros funcionarios | I30: Gerencia y Consejo de Administración | J30: Permanente | K30: Preventivo | L30: Alta | M30: 5 | N30: 1 | O30: =VLOOKUP((E30*F30)-(M30*N30),'riesgo inherente-Anexo '!C2:D28,2,TRUE) -> Bajo | P30: Evaluar posibilidad de contar con un segundo asesor integral para reemplazos temporales (incapacidad, vacaciones) | Q30: Gerencia | R30: Alta | S30: Gestor de Riesgos | T30: 44926 | U30: Implementación
A31: 3 - Relaciones laborales | B31: 34 - Recurso Humano | C31: 345 - Pérdida de talento | D31: Las malas condiciones de trabajo, el mal clima laboral, situaciones de acoso laboral o sexual, mala remuneración, pocas posibilidades de ascenso, capacitación o crecimiento profesional y personal pueden motivar el retiro constante de empleados | E31: 1 | F31: 1 | G31: =VLOOKUP(E31*F31,'riesgo inherente-Anexo '!C4:D28,2,TRUE) -> Bajo | H31: 1. Buen ambiente laboral. 2. Remuneración relativamente acorde con lo observado en la Plaza. 3. Oportunidades de ascenso en la organización. 4. Capacitación permanente. 5. Oportunidades de mejora constante para empleados que presentan bajo desempeño en algún area. 6. Posibilidad de acceso a los servicios de la Cooperativa. 7. No existe una gran cantidad de entidades solidarias en el domicilio y area de infliencia de la cooperativa de tamaño similar o superior a la Cooperativa | I31: Gerencia y Consejo de Administración | J31: Permanente | K31: Preventivo | L31: Alta | M31: 5 | N31: 1 | O31: =VLOOKUP((E31*F31)-(M31*N31),'riesgo inherente-Anexo '!C2:D28,2,TRUE) -> Bajo | P31: No se requiere | Q31: N.A. | R31: Baja | S31: Gestor de Riesgos | T31: 44926 | U31: Implementación
A32: 4 - Asociados o Clientes | B32: 41 - Adecuación, divulgación de información y confianza | C32: 411 - Incumplimiento de pautas, abuso de confianza | D32: Relaciones indebidas de funcionarios con asociados tales como relaciones sentimentales o venta de rifas a los asociados, recibo de regalos o similares por parte de los asociados y prácticas de los funcionarios que buscan obtener cualquier tipo de favor indebido de los asociados a cambio de beneficios o privilegios en su atención | E32: 3 | F32: 3 | G32: =VLOOKUP(E32*F32,'riesgo inherente-Anexo '!C4:D28,2,TRUE) -> Moderado | H32: 1. El código de ética y reglamento de trabaja establece pautas de comportamiento adecuado y limite en la relaciones con los asociados, proveedores otros empleados y contrapartes donde se establecen prohibiciones específicas como recibir sobornos, dádivas o similares a cambio de privilegio alguno en los servicios o negociaciones 2. Segregación de funciones e independencia funcional entre personas que atienden los asociados y quienes fijan las condiciones de los productos y autorizan las operaciones o analizan los riesgos 3. Operaciones de directivos y empleados pasan siempre a Consejo y no pueden servir de codeudores de créditos 4. Poliza de Manejo Global | I32: Gerencia | J32: Permanente | K32: Preventivo | L32: Alta | M32: 5 | N32: 3 | O32: =VLOOKUP((E32*F32)-(M32*N32),'riesgo inherente-Anexo '!C2:D28,2,TRUE) -> Bajo | P32: Difundir y capacitar empleados y directivos sobre revelación y restricción de operaciones que impliquen conflicto de interés (operaciones con familiares) - Revelar operaciones con familiares de empleados | R32: Baja | S32: Gestor de Riesgos | T32: 44926 | U32: Implementación
A33: 4 - Asociados o Clientes | B33: 41 - Adecuación, divulgación de información y confianza | C33: 412 - Aspectos de adecuación, divulgación de la información | D33: No existen mecanismos de publicidad y difusión de información sobre los resultados, deberes, derechos, servicios, planes y proyectos de la entidad para conocimiento de los asociados y del publico en general | E33: 1 | F33: 1 | G33: =VLOOKUP(E33*F33,'riesgo inherente-Anexo '!C4:D28,2,TRUE) -> Bajo | H33: 1. Se entrega plan de pagos al asociado en los desembolsos y previamente se informa las condiciones del crédito. 2. El reglamento de crédito y condiciones se encuentran en la página WEB 3. Tasas activas y pasivas están publicadas en términos efectivos anuales. 4. Página WEB contiene toda la información del Régimen Tributario Especial, así como los reglamentos, miembros de los órganos de adminsitración y control 5. Los horarios están publicados en las puertas de acceso 6. Capacitación mensual con nuevos asociados para inducción: cooperativismo, deberes y derechos, servicios, comunicación, capacitación, participación. | I33: Operador de Sistemas y Comité de Medios | J33: Permanente | K33: Preventivo | L33: Alta | M33: 1 | N33: 1 | O33: =VLOOKUP((E33*F33)-(M33*N33),'riesgo inherente-Anexo '!C2:D28,2,TRUE) -> Bajo | P33: No se requiere | Q33: N.A. | R33: Baja | S33: Gestor de Riesgos | T33: 44926 | U33: Implementación
A34: 4 - Asociados o Clientes | B34: 41 - Adecuación, divulgación de información y confianza | C34: 413 - Violar la privacidad de información sobre clientes minoristas | D34: No existen controles para extraer datos personales de los asociados, proveedores, empleados y terceros en las bases de datos de la entidad o falta capacitación sobre el Habeas Data a los empleados | E34: 1 | F34: 1 | G34: =VLOOKUP(E34*F34,'riesgo inherente-Anexo '!C4:D28,2,TRUE) -> Bajo | H34: 1. Archivo de expedientes de asociados bajo responsabilidad de un empleado y el acceso requiere solicitud escrita. Se hace arqueo de expedientes. 2. Prohibición a empleados de revelar o entregar información a personas diferentes del asociado. 3. En la política de tratamiento de datos y código de ética está la obligación de tratamiento confidencial de información reservada o sensible. | I34: Operador de Archivo | J34: Permanente | K34: Preventivo | L34: Alta | M34: 1 | N34: 1 | O34: =VLOOKUP((E34*F34)-(M34*N34),'riesgo inherente-Anexo '!C2:D28,2,TRUE) -> Bajo | P34: Capacitacion en gestión documental del responsable de Archivo | Q34: Operador de Archivo | R34: Baja | S34: Gestor de Riesgos | T34: 44926 | U34: Implementación
A35: 4 - Asociados o Clientes | B35: 41 - Adecuación, divulgación de información y confianza | C35: 414 - Otra violación de privacidad | D35: Se sustraen o comparten sin autorización bases de datos para venderlas a terceros con fines económicos comerciales o criminales | E35: 2 | F35: 3 | G35: =VLOOKUP(E35*F35,'riesgo inherente-Anexo '!C4:D28,2,TRUE) -> Moderado | H35: 1. Perfiles de usuario para acceso a los aplicativos según funciones y niveles de responsabilidad (Perfil autoriza usuarios y sistemas parametriza). 2. Usuarios limitados para uso de dispositivos USB 3. Oficial de protección de DATOS. 4. Cifrado de archivos y contraseñas que contienen información sensible para ser compartida o enviada 5. Actas de confidencialidad con externos. | I35: Sistemas | J35: Permanente | K35: Preventivo | L35: Alta | M35: 1 | N35: 1 | O35: =VLOOKUP((E35*F35)-(M35*N35),'riesgo inherente-Anexo '!C2:D28,2,TRUE) -> Bajo | P35: Evaluar que controles son posibles establecer para prevenir una sustracción indebida de datos de los asociados | Q35: Operador de Sistemas | R35: Alta | S35: Gestor de Riesgos | T35: 44926 | U35: Implementación
A36: 4 - Asociados o Clientes | B36: 41 - Adecuación, divulgación de información y confianza | C36: 415 - Ventas/Colocaciones agresivas | D36: Las metas comerciales son muy altas y las consecuencias de no lograrlas pueden afectar materialmente el ingreso de los funcionarios o la continuidad de su trabajo | E36: 1 | F36: 1 | G36: =VLOOKUP(E36*F36,'riesgo inherente-Anexo '!C4:D28,2,TRUE) -> Bajo | H36: 1. Por reglamento un asociado solo puede tener dos lineas de crédito o servir de codeudor a dos personas. 2. Metas comerciales alcanzables se les hace seguimiento pero no se generan presiones que promuevan malas prácticas comerciales 3. Empleados del area comercial tienen ingresos fijos 4. Comisiones o estimulos por logro de metas comerciales no son representativos frente a los ingresos laborales deventados | I36: Jefe de Servicios Financieros | J36: Permanente | K36: Preventivo | L36: Alta | M36: 1 | N36: 1 | O36: =VLOOKUP((E36*F36)-(M36*N36),'riesgo inherente-Anexo '!C2:D28,2,TRUE) -> Bajo | P36: No se requiere | Q36: N.A. | R36: Baja | S36: Gestor de Riesgos | T36: 44926 | U36: Implementación
A37: 4 - Asociados o Clientes | B37: 41 - Adecuación, divulgación de información y confianza | C37: 416 - Confusión de cuentas | D37: El sistema no cuenta con mecanismos de validación de identidad y los empleados no están adecuadamente preparados - capacitados para la veriicación de la entidad | E37: 1 | F37: 1 | G37: =VLOOKUP(E37*F37,'riesgo inherente-Anexo '!C4:D28,2,TRUE) -> Bajo | H37: 1. Verificación diaria de todas las operaciones de caja. 2. Verificación de identidad en operaciones 3. Notas por transferencia o consignación a través de red bancaria son revisadas por Jefe de Crédito y aprobadas por Jefe de Servicios Financieros. 4. SMS masivos en convenio VISIONAMOS para cartera en mora con autorización de gerencia 5. Verificación de saldos en linea para asociados bajo responsabilidad de LINIX, notificaciones automáticas por movimiento de Tarjeta Débito | I37: Auxiliar de oficina, Jefe de Servicios Financieros y operador de sistemas | J37: Permanente | K37: Preventivo | L37: Alta | M37: 1 | N37: 1 | O37: =VLOOKUP((E37*F37)-(M37*N37),'riesgo inherente-Anexo '!C2:D28,2,TRUE) -> Bajo | P37: No se requiere | Q37: N.A. | R37: Alta | S37: Gestor de Riesgos | T37: 44926 | U37: Implementación
A38: 4 - Asociados o Clientes | B38: 41 - Adecuación, divulgación de información y confianza | C38: 417 - Información confidencial | D38: Se sustraen o comparten sin autorización bases de datos para venderlas a terceros con fines económicos comerciales o criminales | E38: 1 | F38: 1 | G38: =VLOOKUP(E38*F38,'riesgo inherente-Anexo '!C4:D28,2,TRUE) -> Bajo | H38: 1. Auditoría custodia actas de: Asamblea, Consejo, Junta. 2. Revisión de Actas de manera digital para uso interno y física al interior de la Cooperativa 3. Compromiso de confidencialidad frente a información de actas por parte de la Junta de vigilancia. 4. Contabilidad conserva informacion contable y archivo inactivo con acceso restringido bajo llave. 5. Analista de crédito custodia actas de creditos y la Jefe de Crédito las de riesgos, foliadas, bajo llave, con firma de oficial de cumplimiento. Solo se revisan fisicamente sin copias fisicas o digitales | I38: Auditoría y Jefe de crédito | J38: Permanente | K38: Preventivo | L38: Alta | M38: 1 | N38: 1 | O38: =VLOOKUP((E38*F38)-(M38*N38),'riesgo inherente-Anexo '!C2:D28,2,TRUE) -> Bajo | P38: Para la entrega de documentos digitales de actas o contables establecer claves de acceso al documento | Q38: Auditoría | R38: Alta | S38: Gestor de Riesgos | T38: 44926 | U38: Implementación
A39: 4 - Asociados o Clientes | B39: 42 - Prácticas empresariales o de mercado improcedentes | C39: 421 - Prácticas restrictivas de la competencia | D39: Se busca afectar a los competidores condicionando a los usuarios de los servicios a no tomar los servicios de otros oferentes del mercado como por ejemplo para obtener un crédito debe retirarse de otra cooperativa | E39: 1 | F39: 1 | G39: =VLOOKUP(E39*F39,'riesgo inherente-Anexo '!C4:D28,2,TRUE) -> Bajo | H39: 1. Los reglamentos y estatutos no impiden que los asociados puedan ser asociados o clientes de otras entidades. 2. Las condiciones de los productos son de mercado. 3. En las compras de cartera que se hacen la Cooperativa simplemente verifica que el pago se haga a la entidad acreedora del asociado. 4. No existen trabas, costos, penalidades o impedimentos para que los asociados efectúen pagos anticipados de sus créditos parciales o totales o para la expedición de certificaciones de saldos. | I39: Consejo de Administración | J39: Permanente | K39: Preventivo | L39: Alta | M39: 1 | N39: 1 | O39: =VLOOKUP((E39*F39)-(M39*N39),'riesgo inherente-Anexo '!C2:D28,2,TRUE) -> Bajo | P39: No se requiere | Q39: N.A. | R39: Baja | S39: Gestor de Riesgos | T39: 44926 | U39: Implementación
A40: 4 - Asociados o Clientes | B40: 42 - Prácticas empresariales o de mercado improcedentes | C40: 422 - Prácticas comerciales o de mercadeo improcedentes | D40: Difamación o comentarios negativos infundados, tendenciosos o que faltan a la verdad sobre otras entidades que son competencia | E40: 1 | F40: 1 | G40: =VLOOKUP(E40*F40,'riesgo inherente-Anexo '!C4:D28,2,TRUE) -> Bajo | H40: 1. Asesores comerciales a empresas para convenios de libranzas o visitas a personas naturales sin incentivos diferentes al porfafolio de servicios. 2. Programas de Referidos 3. Los asesores comerciales devengan mayoritariamente sus ingresos laborales de manera fija de tal forma que no se incentivan desde la administración prácticas indebidas 4. No se acepta el pago de comisiones, sobornos o dádivas para ser favorecidos en ninguna negociación como por ejemplo CONVENIOS DE LIBRANZA | I40: Consejo de Administración | J40: Permanente | K40: Preventivo | L40: Alta | M40: 1 | N40: 1 | O40: =VLOOKUP((E40*F40)-(M40*N40),'riesgo inherente-Anexo '!C2:D28,2,TRUE) -> Bajo | P40: No se requiere | Q40: N.A. | R40: Baja | S40: Gestor de Riesgos | T40: 44926 | U40: Implementación
A41: 4 - Asociados o Clientes | B41: 42 - Prácticas empresariales o de mercado improcedentes | C41: 423 - Manipulación del mercado | D41: Ofrecimiento de condiciones por fuera de mercado que buscan quebrar la competencia para luego distorsionar los "precios" (Tasas) | E41: 1 | F41: 1 | G41: =VLOOKUP(E41*F41,'riesgo inherente-Anexo '!C4:D28,2,TRUE) -> Bajo | H41: 1. El tamaño de la cooperativa no da para manipular el mercado de domicilio en ahorro y crédito 2. Las condiciones de los productos de ahorro y crédito se ajustan a las condiciones del mercado | I41: Consejo de Administración | J41: Permanente | K41: Preventivo | L41: Alta | M41: 1 | N41: 1 | O41: =VLOOKUP((E41*F41)-(M41*N41),'riesgo inherente-Anexo '!C2:D28,2,TRUE) -> Bajo | P41: No se requiere | Q41: N.A. | R41: Alta | S41: Gestor de Riesgos | T41: 44926 | U41: Implementación
A42: 4 - Asociados o Clientes | B42: 42 - Prácticas empresariales o de mercado improcedentes | C42: 424 - Abuso de información privilegiada en favor de la empresa | D42: Publicidad engañosa o información inexacta o falsa que se suministra a los asociados sobre las condiciones, ventajas, atributos o características de los servicios ofrecidos | E42: 1 | F42: 1 | G42: =VLOOKUP(E42*F42,'riesgo inherente-Anexo '!C4:D28,2,TRUE) -> Bajo | H42: 1. No se compran bases de datos o acceso a informacion privilegiada no autorizada por sus titulares para efectos de campañas comerciales o de ofrecimiento de la cooperativa | I42: Consejo de Administración | J42: Permanente | K42: Preventivo | L42: Alta | M42: 1 | N42: 1 | O42: =VLOOKUP((E42*F42)-(M42*N42),'riesgo inherente-Anexo '!C2:D28,2,TRUE) -> Bajo | P42: No se requiere | Q42: N.A. | R42: Baja | S42: Gestor de Riesgos | T42: 44926 | U42: Implementación
A43: 4 - Asociados o Clientes | B43: 42 - Prácticas empresariales o de mercado improcedentes | C43: 425 - Actividades no autorizadas | D43: La entidad desarrolla actividades no previstas en la ley para su naturaleza | E43: 1 | F43: 1 | G43: =VLOOKUP(E43*F43,'riesgo inherente-Anexo '!C4:D28,2,TRUE) -> Bajo | H43: 1. La actividad financiera se ejerce de manera especializada bajo las instrucciones y supervisión de Fogacoop y Supersolidaria 2. Auditoría Interna y Revisoría Fiscal verifican legalidad de los actos de los administradores y de las operaciones e inversiones 3. Comité de Riesgos y manuales de Riesgos, monitoreo permanente de riesgos 4. Régimen de operaciones, inversiones, limites prudenciales legales y propios reglamentados, monitoreados permanentemente por los entes de control y auditoría interna, riesgos y revisoría fiscal | I43: Consejo de Administración | J43: Permanente | K43: Preventivo | L43: Alta | M43: 1 | N43: 1 | O43: =VLOOKUP((E43*F43)-(M43*N43),'riesgo inherente-Anexo '!C2:D28,2,TRUE) -> Bajo | P43: No se requiere | Q43: N.A. | R43: Baja | S43: Gestor de Riesgos | T43: 44926 | U43: Implementación
A44: 4 - Asociados o Clientes | B44: 43 - Productos o Servicios defectuosos | C44: 431 - Defectos del producto | D44: El aplicativo liquida de manera inexacta los inteereses o los empleados de la entidad no están adecuadamente capacitados sobre las liquidaciones, el uso del aplicativo o el portafolio de servicios y beneficios | E44: 1 | F44: 1 | G44: =VLOOKUP(E44*F44,'riesgo inherente-Anexo '!C4:D28,2,TRUE) -> Bajo | H44: 1. LINIX el aplicativo contable especializado y de servicios liquida automáticamente los intereses, cuotas y dempas proceso de manera automática de acuerdo con la parametrización. 2. La parametrización de los productos de ahorro y crédito la hace el operador de sistemas con comunicado de Gerencia que son a su vez aprobadas por el Consejo de Administración. 3. Pruebas aleatorias de liquidaciones por parte de Auditoría Interna y Revisoría Fiscal 4. Revisión diaria del proceso de cierre de las notas contables y que el proceso de causación esté funcionando adecuadamente | I44: Auditoria Interna y operador de sistemas | J44: Permanente | K44: Preventivo | L44: Alta | M44: 1 | N44: 1 | O44: =VLOOKUP((E44*F44)-(M44*N44),'riesgo inherente-Anexo '!C2:D28,2,TRUE) -> Bajo | P44: No se requiere | Q44: N.A. | R44: Baja | S44: Gestor de Riesgos | T44: 44926 | U44: Implementación
A45: 4 - Asociados o Clientes | B45: 43 - Productos o Servicios defectuosos | C45: 432 - Error de los modelos | D45: Los modelos de otorgamiento de crédito, evaluación de cartera, cálculo de provisiones, generación de reportes a las autoridades, monitoreo o de calculo de la brecha de liquidez, IRL y similares no arrojan resultados consistentes porque no se les hace pruebas de desempeño | E45: 1 | F45: 1 | G45: =VLOOKUP(E45*F45,'riesgo inherente-Anexo '!C4:D28,2,TRUE) -> Bajo | H45: 1. Revisiones manuales frente a dudas con liquidaciones de créditos o de ahorros (back testing) 2. Requerimientos a LINIX para correcciones y ajustes 3. LINIX como aplicativo implementa las instrucciones y nuevos controles o requerimientos de la Supersolidaria o FOGACOOP 4. LINIX es un softwafe confiable, especializado en intermediación financiera en el sector solidario 5. Pruebas de la REvisoría Fiscal | I45: Operador de sistemas, Auditoría Interna y Jefe de Crédito | J45: Permanente | K45: Preventivo | L45: Alta | M45: 1 | N45: 1 | O45: =VLOOKUP((E45*F45)-(M45*N45),'riesgo inherente-Anexo '!C2:D28,2,TRUE) -> Bajo | P45: No se requiere | Q45: N.A. | R45: Alta | S45: Gestor de Riesgos | T45: 44926 | U45: Implementación
A46: 5 - Daños a Activos Físicos | B46: 51 - Desastres y otros acontecimientos | C46: 511 - Pérdida por desastres naturales | D46: Incendios, terremotos, inundaciones, deslizamientos y demás hechos de la naturaleza imprevisibles e irresistibles | E46: 1 | F46: 5 | G46: =VLOOKUP(E46*F46,'riesgo inherente-Anexo '!C4:D28,2,TRUE) -> Bajo | H46: 1. La sede física de la entidad no está localizada en una zona de alto riesgo. El único riesgo identificado es los daños que pueda ocasionar un posible terremoto, sin embargo la oficina es un edificio de solo 3 pisos. 2. Toda la propiedad planta y equipo se encuentra asegurada | I46: Contador | J46: Permanente | K46: Preventivo | L46: Alta | M46: 1 | N46: 5 | O46: =VLOOKUP((E46*F46)-(M46*N46),'riesgo inherente-Anexo '!C2:D28,2,TRUE) -> Bajo | P46: Revisar el valor de las coberturas con que cuentan las diferentes polizas de la Cooperativa | Q46: Contadora | R46: Baja | S46: Gestor de Riesgos | T46: 44926 | U46: Implementación
A47: 5 - Daños a Activos Físicos | B47: 51 - Desastres y otros acontecimientos | C47: 512 - Pérdida por causas externas: vandalismo, terrorismo, etc. | D47: Guerra, asonada, terrorismo | E47: 3 | F47: 3 | G47: =VLOOKUP(E47*F47,'riesgo inherente-Anexo '!C4:D28,2,TRUE) -> Moderado | H47: 1. Las sedes de la cooperativa están localizadas en zonas con buenas condiciones de seguridad y cuentan con rondas de la policía, lejos del Centro del municipio donde son más frecuentes este tipo de manifestaciones y actos vandálicos ni cerca de edificios o sedes de entidades que puedan ser blanco de atentados terroristas. 2. Se cuenta con reja de seguridad para evitar accesos no autorizados. | I47: Gerencia | J47: Permanente | K47: Preventivo | L47: Alta | M47: 1 | N47: 1 | O47: =VLOOKUP((E47*F47)-(M47*N47),'riesgo inherente-Anexo '!C2:D28,2,TRUE) -> Moderado | P47: 1. Evaluar posibilidad de instalar persianas para mejorar la protección física. 2. Culminar plan de continuidad del negocio | Q47: Gerencia y Sistemas | R47: Alta | S47: Gestor de Riesgos | T47: 44926 | U47: Implementación
A48: 6 - Fallas tecnológicas | B48: 61 - Sistemas | C48: 611 - Pérdida por problemas en software | D48: Daño en los aplicativos que producen errores o mal funcionamiento e impiden la prestaicón del servicio o la generación de reportes | E48: 2 | F48: 3 | G48: =VLOOKUP(E48*F48,'riesgo inherente-Anexo '!C4:D28,2,TRUE) -> Moderado | H48: 1. LINIX presenta eventualmente inconvenientes en los nuevos procesos que se originan por cambios en la regulación por parte de la Supersolidaria (Fase 2 y 3). 2. Problemas FASE 1: son resueltos por area de sistemas. | I48: Sistemas | J48: Permanente | K48: Preventivo | L48: Alta | M48: 5 | N48: 1 | O48: =VLOOKUP((E48*F48)-(M48*N48),'riesgo inherente-Anexo '!C2:D28,2,TRUE) -> Bajo | P48: Implementación de pérdida esperada y pruebas aleatorias de cálculos automáticos que efectuará el sistema | Q48: Sistemas | R48: Alta | S48: Gestor de Riesgos | T48: 44926 | U48: Implementación
A49: 6 - Fallas tecnológicas | B49: 61 - Sistemas | C49: 612 - Pérdida por daños o problemas en hardware | D49: Daño, destrucción, obsolescencia o pérdida de los equipos en los cuales se almacena y procesa la información con la cual se presta el servicio o se efectúan los reportes | E49: 2 | F49: 3 | G49: =VLOOKUP(E49*F49,'riesgo inherente-Anexo '!C4:D28,2,TRUE) -> Moderado | H49: 1. Poliza de seguro 2. DATA Center principal (2 Rack y tableros críticos del sistema eléctrico) en Candelaria dentro del area de sistemas con acceso físico biométrico restringido, aire acondicionado de precisión. 3. Mantenimiento semestral a equipos y servidores con proveedor externo. 4. Cada año se efectúa presupuesto de reposición de equipos por obsolescencia. 5. Capacitación a empleados sobre uso de los equipos - politicas en la inducción y capacitación anual sobre seguridad y protección de equipos y fraude electrónico | I49: Sistemas | J49: Permanente | K49: Preventivo | L49: Alta | M49: 1 | N49: 1 | O49: =VLOOKUP((E49*F49)-(M49*N49),'riesgo inherente-Anexo '!C2:D28,2,TRUE) -> Bajo | P49: Ejecutar plan de renovación de equipos y licencias | Q49: Sistemas | R49: Alta | S49: Gestor de Riesgos | T49: 44926 | U49: Implementación
A50: 6 - Fallas tecnológicas | B50: 61 - Sistemas | C50: 613 - Pérdida por fallas en telecomunicaciones | D50: Caidas en los servicios de telecomunicaciones por fallas atribuibles al proveedor o por daños en las redes y equipos que transportan los datos | E50: 2 | F50: 3 | G50: =VLOOKUP(E50*F50,'riesgo inherente-Anexo '!C4:D28,2,TRUE) -> Moderado | H50: 1. Fibra óptica permite conexión a través de otros NODOS con las otras sedes 2. Se cuenta con internet dedicado de MOVISTAR Fibra óptica y canal desde Candelaria hacia las demás sedes MPLS (Metropolitan Plane Lane Site - Red Expandible en Candelaria, Palmira Pradera y Florida). Proveedor Contingente CLARO Banda Ancha. 3. Tanto en el paro como en la Pandemia se activo el acceso VPN para trabajo desde la Casa 4. Se utilizan recibos provisionales para atender mientras llega sistema. 5. La entidad no cuenta con Cajeros Automáticos propios. LINIX es el integrador con la red bancaria para uso de tarjetas DÉBITO (no se tiene tarjeta crédito). | I50: Sistemas | J50: Permanente | K50: Preventivo | L50: Alta | M50: 5 | N50: 5 | O50: =VLOOKUP((E50*F50)-(M50*N50),'riesgo inherente-Anexo '!C2:D28,2,TRUE) -> Bajo | P50: Canal MPLS para Villagorgona y mejoramiento capacidad de los canales con MOVISTAR y CLARO (cambiar cable COAXIAL a HFC) | Q50: Sistemas | R50: Alta | S50: Gestor de Riesgos | T50: 44926 | U50: Diseño
A51: 6 - Fallas tecnológicas | B51: 61 - Sistemas | C51: 614 - Interrupción en el suministro de un servicio público que ocasione falla en los sistemas | D51: Suspensión o corte del servicio de teléfono, internet, agua, electricidad, gas que impide prestar los servicios normalmente | E51: 2 | F51: 3 | G51: =VLOOKUP(E51*F51,'riesgo inherente-Anexo '!C4:D28,2,TRUE) -> Moderado | H51: 1. Se cuenta con UPS en todas las sedes que respaldan las CPU, monitores y telefonos: Candelaria y Pradera 10 KVA, Palmira 8 KVA, Villagorgona 3 KVA, Florida 3 KVA, el Cerrito 2 KVA. 2. Se cuenta con planta eléctrica en candelaria y pradera | I51: Sistemas | J51: Permanente | K51: Preventivo | L51: Alta | M51: 5 | N51: 5 | O51: =VLOOKUP((E51*F51)-(M51*N51),'riesgo inherente-Anexo '!C2:D28,2,TRUE) -> Bajo | P51: Adecuación PLANTA ELECTRICA Palmira | Q51: =+Q50 -> Sistemas | R51: Alta | S51: Gestor de Riesgos | T51: 45291 | U51: Planeación
A52: 7 - Ejecución y administración de procesos | B52: 71 - Recepción, ejecución y mantenimiento de operaciones | C52: 711 - Comunicaciones defectuosas con contrapartes | D52: No se encuentran estandarizadas y revisadas previamente los contenidos de los diferentes tipos de comunicación escrita o verbal que se tiene con los asociados / El personal no está capacitado adecuadamente para el tratamiento de la comunicación con los asociados bien sea comercialmente, para atender sus inconformidades o para tramitar sus reclamos, inquietudes y solicitudes | E52: 1 | F52: 2 | G52: =VLOOKUP(E52*F52,'riesgo inherente-Anexo '!C4:D28,2,TRUE) -> Bajo | H52: 1. Cartas de cobro las hace auxiliar de cartera y se envían por "Domina" (Habeas Data) y se complemente con mensajes de texto estandarizado y whatsapp 2. Asesor Comercial en momento de desembolso explica al beneficiario y firma tabla de amortización del crédito con huella. Formulario de vinculación y de crédito informa sobre consulta y reporte centrales de riesgo. 3. Carta de actualización de datos para proveedores / para asociados se hacen campañas con sorteos / Se actualizan datos en las consultas o uso de servicios en oficinas 4. Debida diligencia para devolución de saldos a ex asociados: llamadas (titular y referencias sin señalar el motivo), "ubica y reconocer" para centrales de riesgo. 5. Contrato con Empresa de Cobranza para respuesta derechos de petición, principalmente relacionados con reportes a las Centrales de Riesgo. 6. Sistema PQRS (Web y buzon fisico) administrado por la Junta de Vigilancia 7. Comunicación con empleados a través de Memorandos al correo electrónico y grupos de Whatsapp interno. 8. En la WEB se sube información permanente sobre los productos y condiciones, se tiene boletín físico, Carteleras, Registro WEB DIAN. | I52: Gerencia, Cartera, Secretaria y Abogados Externos | J52: Permanente | K52: Preventivo | L52: Alta | M52: 1 | N52: 1 | O52: =VLOOKUP((E52*F52)-(M52*N52),'riesgo inherente-Anexo '!C2:D28,2,TRUE) -> Bajo | P52: Diseñar e implementar informe sobre principales decisiones adoptadas en la Asamblea para publicar en la WEB | Q52: Gerencia | R52: Alta | S52: Gestor de Riesgos | T52: 44712 | U52: Diseño
A53: 7 - Ejecución y administración de procesos | B53: 71 - Recepción, ejecución y mantenimiento de operaciones | C53: 712 - Errores en digitación de datos, mantenimiento o descarga | D53: Los empleados no están capacitados adecuadamente para su cargo / No existen adecuados mecanismos de revisión de la información contable para establecer la razonabilidad de los saldos | E53: 2 | F53: 2 | G53: =VLOOKUP(E53*F53,'riesgo inherente-Anexo '!C4:D28,2,TRUE) -> Bajo | H53: 1. Auditoría interna: revisiones aleatorias sobre principales procesos con informes mensuales escritos al Consejo 2. Facturas de proveedores llegan a contabilidad y pasan a gerencia para su aprobación y luego se causa. 3. Jefe de Servicios Financieros aprueba y luego se archiva 4. Autocontrol, conciliaciones bancarias, Auditoría Interna 5. Reporte mensual a la Central de Riesgos, a la Supersolidaria a través del SICSES implica revisión de información para detectar errores o inconsistencias. 6. Cierre diario de operaciones de cartera, aportes, ahorros. Reapertura de modulos requiere autorización gerencia. 7. Procesos automaticos de causación cartera, PPE, nómina, inversiones. 8. Jefe de Servicios revisa documentación antes de los desembolsos. 9. Revisión de datos ingresados de nuevos asociados: oficial de cumplimiento. Asesora comercial revisa todos los formularios de vinculación y actualización. 10. Documentos de recaudo parametrizada con cuentas a afectar automaticamente con la cedula y producto | I53: Auxiliar de oficina, Contadora y Jefe de Servicios Financieros | J53: Permanente | K53: Preventivo | L53: Alta | M53: 5 | N53: 1 | O53: =VLOOKUP((E53*F53)-(M53*N53),'riesgo inherente-Anexo '!C2:D28,2,TRUE) -> Bajo | P53: No se requiere | Q53: N.A. | R53: Baja | S53: Gestor de Riesgos | T53: 44926 | U53: Implementación
A54: 7 - Ejecución y administración de procesos | B54: 71 - Recepción, ejecución y mantenimiento de operaciones | C54: 713 - Incumplimiento de plazos o responsabilidades | D54: No se cuenta con cronogramas por cargo de responsabilidades / Empleados no capacitados para el ejercicio de sus cargos / Ausencia de mecanismos de monitoreo sobre el cumplimiento de los compromisos legales | E54: 1 | F54: 1 | G54: =VLOOKUP(E54*F54,'riesgo inherente-Anexo '!C4:D28,2,TRUE) -> Bajo | H54: 1. Area Contable tiene cronograma anual de responsabilidades: reportes SES, declaraciones tributarias, renovación RUES, pago contribución, reportes a otros entes. 2. Centrales de Riesgo: Sistemas genera el archivo, Jefe de Crédito revisa el reporte y Sistemas carga la informacion. 3. UIAF: cuenta con cronograma y efectúa los reportes. 4. Auditor Interno verifica cumplimiento oportuno de obligaciones de reporte | I54: Contadora, Sistemas, Oficial | J54: Permanente | K54: Preventivo | L54: Alta | M54: 1 | N54: 1 | O54: =VLOOKUP((E54*F54)-(M54*N54),'riesgo inherente-Anexo '!C2:D28,2,TRUE) -> Bajo | P54: Evaluación semestral de efectividad SIAR (Literal h, 3.2.1. numeral 12 Capitulo I Titulo IV CBC) - Revisar otras responsabilidades de auditoría interna | Q54: Auditoría | R54: Alta | S54: Gestor de Riesgos | T54: 44926 | U54: Implementación
A55: 7 - Ejecución y administración de procesos | B55: 71 - Recepción, ejecución y mantenimiento de operaciones | C55: 714 - Ejecución errónea de modelos o de sistemas | D55: No se hacen pruebas de desempeño para establecer la razonabilidad de los cálculos efectuados automáticamente por los aplicativos | E55: 2 | F55: 3 | G55: =VLOOKUP(E55*F55,'riesgo inherente-Anexo '!C4:D28,2,TRUE) -> Moderado | H55: 1. Actualización anual de variables de riesgo para otorgamiento de crédito. 2. Evaluación semestral de la cartera de crédito 3. Monitoreo mensual de la cartera: cosechas, matrices, indicadores de calidad de cartera 4. Cálculo y revisión mensual de la brecha de liquidez y el IRL en excel se complementa con informacion generada por LINIX. | I55: Contadora y Comités de Riesgos | J55: Permanente | K55: Preventivo | L55: Alta | M55: 5 | N55: 1 | O55: =VLOOKUP((E55*F55)-(M55*N55),'riesgo inherente-Anexo '!C2:D28,2,TRUE) -> Bajo | P55: Implementación de pérdida esperada y pruebas aleatorias de cálculos automáticos que efectuará el sistema | Q55: Contadora | R55: Alta | S55: Gestor de Riesgos | T55: 44592 | U55: Implementación
A56: 7 - Ejecución y administración de procesos | B56: 71 - Recepción, ejecución y mantenimiento de operaciones | C56: 715 - Error contable | D56: Las imputaciones contables afectan cuentas que no corresponden y no se detectan oportunamente por falta de mecanismos de autocontrol y revisión de los responsables de los registros contables y de servicios, así como de los responsables de preparar los estados financieros intermedios y los reportes mensuales a la Supersolidaria y demás reportes | E56: 1 | F56: 1 | G56: =VLOOKUP(E56*F56,'riesgo inherente-Anexo '!C4:D28,2,TRUE) -> Bajo | H56: =+H53 -> 1. Auditoría interna: revisiones aleatorias sobre principales procesos con informes mensuales escritos al Consejo 2. Facturas de proveedores llegan a contabilidad y pasan a gerencia para su aprobación y luego se causa. 3. Jefe de Servicios Financieros aprueba y luego se archiva 4. Autocontrol, conciliaciones bancarias, Auditoría Interna 5. Reporte mensual a la Central de Riesgos, a la Supersolidaria a través del SICSES implica revisión de información para detectar errores o inconsistencias. 6. Cierre diario de operaciones de cartera, aportes, ahorros. Reapertura de modulos requiere autorización gerencia. 7. Procesos automaticos de causación cartera, PPE, nómina, inversiones. 8. Jefe de Servicios revisa documentación antes de los desembolsos. 9. Revisión de datos ingresados de nuevos asociados: oficial de cumplimiento. Asesora comercial revisa todos los formularios de vinculación y actualización. 10. Documentos de recaudo parametrizada con cuentas a afectar automaticamente con la cedula y producto | I56: Auxiliar de oficina, Contadora y Jefe de Servicios Financieros | J56: Permanente | K56: Preventivo | L56: Alta | M56: 1 | N56: 1 | O56: =VLOOKUP((E56*F56)-(M56*N56),'riesgo inherente-Anexo '!C2:D28,2,TRUE) -> Bajo | P56: No se requiere | Q56: N.A. | R56: Baja | S56: Gestor de Riesgos | T56: 44926 | U56: Implementación
A57: 7 - Ejecución y administración de procesos | B57: 71 - Recepción, ejecución y mantenimiento de operaciones | C57: 716 - Falla en la gestión documental | D57: No se cuenta con adecuados sistemas de control, organización, almacenamiento y conservación de la correspondencia, documentación contable, expedientes de asociados, actas y demás documentos físicos de importancia | E57: 2 | F57: 3 | G57: =VLOOKUP(E57*F57,'riesgo inherente-Anexo '!C4:D28,2,TRUE) -> Moderado | H57: 1. Archivo de expedientes de asociados físico con acceso restringido y seguridad física 2. Se digitalizan los formularios de afiliación. 3. Prohibición a empleados de revelar o entregar información a personas diferentes del asociado. 4. Archivo inactivo se conserva en la sede principal y Pradera. 5. Pagares se conservan en caja fuerte en cada oficina. 6. Se hace arqueo de pagarés e hipotecas y se separan los cancelados (semestral) | I57: Auditoría Interna, Contabilidad, Jefes de Oficina, Secretarias Administrativas, Aux Archivo | J57: Permanente | K57: Preventivo | L57: Media | M57: 2 | N57: 2 | O57: =VLOOKUP((E57*F57)-(M57*N57),'riesgo inherente-Anexo '!C2:D28,2,TRUE) -> Bajo | P57: Pagarés desmaterializados y digitalización de pagarés, titulos valores y documentación contable, gestión documental digitalizada, tercerización de conservación de archivo inactivo y digitalización y/o destrucción de archivo antiguo superior a término de legalidad para conservación | Q57: Gerencia | R57: Media | S57: Gestor de Riesgos | T57: 45291 | U57: Planeación
A58: 7 - Ejecución y administración de procesos | B58: 71 - Recepción, ejecución y mantenimiento de operaciones | C58: 717 - Problema en el mantenimiento de datos de referencia | D58: No existe una política de actualización de datos y su inclusión en las bases de datos de los aplicativos contables y de servicios | E58: 3 | F58: 2 | G58: =VLOOKUP(E58*F58,'riesgo inherente-Anexo '!C4:D28,2,TRUE) -> Moderado | H58: 1. Con las solicitudes de servicios o trámites se actualizan datos del asociado en el sistema y de referencias 2. Campañas de actualización de datos: en entrega de obsequios y actividades 3. Oficial de cumplimiento audita actualización de datos 4. Carta para solicitar actualización de datos proveedores | I58: Oficial de cumplimiento | J58: Permanente | K58: Preventivo | L58: Alta | M58: 1 | N58: 1 | O58: =VLOOKUP((E58*F58)-(M58*N58),'riesgo inherente-Anexo '!C2:D28,2,TRUE) -> Bajo | P58: Aplicación de régimen disciplinario laboral a asesores comerciales que omiten deber de actualizar datos en momento de consulta o toma de servicios | Q58: Auxiliar de recursos humanos | R58: Alta | S58: Oficial de cumplimiento | T58: 44926 | U58: Diseño
A59: 7 - Ejecución y administración de procesos | B59: 71 - Recepción, ejecución y mantenimiento de operaciones | C59: 718 - Error en otras tareas, falla en la entrega | D59: No se cuenta con adecuada capacitación de los empleados y no se efectúan evaluaciones anuales de desmpeño de los empleados con sus respectivos planes de mejoramiento | E59: 3 | F59: 3 | G59: =VLOOKUP(E59*F59,'riesgo inherente-Anexo '!C4:D28,2,TRUE) -> Moderado | H59: 1. Oficial cumplilmiento revisa 30% aleatoriamente y en archivo el 70% de los formularios de vinculación 2. Errores en debida diligencia generan informe para gerencia, jefes de oficina y Consejo 3. Correcciones y reprocesos 4. Auditoría Interna mensualmente envía informes a la Gerencia y Consejo de Administración y se socializan fallas, errores o incumplimientos con las personas involucradas para la corrección de las fallas detectadas. Igual procedimiento se sigue con los informes de revisoría. | I59: Auditoría Interna, Oficial de Cumplimiento y Jefes de oficina | J59: Permanente | K59: Detectivo | L59: Media | M59: 3 | N59: 1 | O59: =VLOOKUP((E59*F59)-(M59*N59),'riesgo inherente-Anexo '!C2:D28,2,TRUE) -> Moderado | P59: 1. Evaluación semestral de competencias y planes de mejoramiento para empleados con problemas reiterativos. 2. Elaborar Plan de capacitación y actualización anual de empleados. 3. Estimulos por reducción de reprocesos y cumplimiento 4. Contratación de empleado para actualización de datos | Q59: Recursos humanos | R59: Alta | S59: Gestor de Riesgos | T59: 44926 | U59: Planeación
A60: 7 - Ejecución y administración de procesos | B60: 71 - Recepción, ejecución y mantenimiento de operaciones | C60: 719 - Seguridad de la información | D60: No se cuenta con controles de acceso a los aplicativos, archivos y demás información digital con que opera la entidad | E60: 1 | F60: 5 | G60: =VLOOKUP(E60*F60,'riesgo inherente-Anexo '!C4:D28,2,TRUE) -> Bajo | H60: 1. Accesos personalizados con claves por empleado para el equipo y aplicativo contable con diferentes niveles de seguridad y trazabilidad de acceso (perfiles de usuario) 2. Cambios en los perfiles deben solictarse por escrito a Sistemas (mesa de ayuda) y Gerencia autoriza 3. Controles y seguridades frente a ataques externos: seguridad perimetral (cortafuegos y antivirus) 4. Solicitud automático de CLAVE cada 45 días. | I60: Gerencia y Sistemas | J60: Permanente | K60: Preventivo | L60: Alta | M60: 1 | N60: 1 | O60: =VLOOKUP((E60*F60)-(M60*N60),'riesgo inherente-Anexo '!C2:D28,2,TRUE) -> Bajo | P60: Establecer controles automáticos informáticos para envio de bases de datos a través de correos electrónicos o dispositivos externos | Q60: Sistemas | R60: Baja | S60: Gestor de Riesgos | T60: 44926 | U60: Implementación
A61: 7 - Ejecución y administración de procesos | B61: 71 - Recepción, ejecución y mantenimiento de operaciones | C61: 7110 - Exceso de manualidad | D61: El sistema es inadecuado para la naturaleza, tamaño, complejidad y responsabilidad de la entidad por lo que el cumplimiento de sus obligaciones frente a entidades estatales o para la prestación de los servicios | E61: 1 | F61: 3 | G61: =VLOOKUP(E61*F61,'riesgo inherente-Anexo '!C4:D28,2,TRUE) -> Bajo | H61: 1. La mayoría de los procesos críticos están automatizados y parametrizables 2. Modulos reportes: exógena, UIAF, Centrales de Riesgo, SICSES 3. Software LINIX: Robusto, Estable, seguro, con buen soporte y actualización por parte del proveedor | I61: Gerencia y Sistemas | J61: Permanente | K61: Preventivo | L61: Alta | M61: 1 | N61: 1 | O61: =VLOOKUP((E61*F61)-(M61*N61),'riesgo inherente-Anexo '!C2:D28,2,TRUE) -> Bajo | P61: 1. Se está efectuando evaluación de procesos para identificar cuales pueden ser automatizados: vinculación de asociados. 2. Automatización SIAR | Q61: Sistemas | R61: Media | S61: Gestor de Riesgos | T61: 44926 | U61: Implementación
A62: 7 - Ejecución y administración de procesos | B62: 72 - Seguimiento y presentación de informes | C62: 721 - Incumplimiento de la obligación de informar | D62: No se cuenta con capacidad adecuada de los empleados responsables de elaborar los reportes con destino a autoridades competentes o la información de propósito general que tienen derecho a conocer todos los asociados y el publico en general para efectos tributarios | E62: 1 | F62: 5 | G62: =VLOOKUP(E62*F62,'riesgo inherente-Anexo '!C4:D28,2,TRUE) -> Bajo | H62: 1. La entidad ha adoptado medidas para dar cumplimiento a la ley de protección de datos personales, registro unico nacional de bases de datos y ley de habeas data. 2. Mensualmente se reporta a través del SICSES la información requerida por la Supersolidaria y se envian los controles de legalidad de reformas estatutarias y reporte de informacion impresa así como las posesiones de administradores, revisores y oficiales de cumplimiento. 3. El informe de gestión, los estados financieros, las notas y revelaciones cumplen con el estándar NIIF para PYMES version 2015 aplicable en Colombia, las normas de buen gobierno establecidas por el decreto 962 de 2018 y el capitulo 7 y 8 del titulo IV de la Circular Básica Jurídica. 4. Anualmente se actualiza el registro WEB con la DIAN con información publica 5. A través de la página WEB se publica información general para los asociados estautos y reglamentos. 6. Al ingreso los asociados son informados sobre deberes, derechos y características de la cooperativa, oportunidades de participación y espacios de información y capacitación así como sobre los servicios de la entidad y se brinda capacitación cooperativa permanente. 7. Al momento del desembolso previo al mismo el deudor potencial es informado de las características del crédito aprobado y sus condiciones y firma la carta de aceptación del crédito. 8. Mensualmente se reune el comité de riesgo de liquidez, el comité de riesgos y se revisan los informes de auditoría interna y de la revisoría fiscal tanto por la gerencia, como por el comité de riesgos y el consejo de Administración. 9. La Junta de Vigilancia hace labor de Control social y vela por la legalidad de los actos de los administradores | I62: Gerencia y Contabilidad | J62: Permanente | K62: Preventivo | L62: Alta | M62: 1 | N62: 1 | O62: =VLOOKUP((E62*F62)-(M62*N62),'riesgo inherente-Anexo '!C2:D28,2,TRUE) -> Bajo | P62: No se requiere | Q62: N.A. | R62: Media | S62: Gestor de Riesgos | T62: 44926 | U62: Funcionamiento
A63: 7 - Ejecución y administración de procesos | B63: 72 - Seguimiento y presentación de informes | C63: 722 - Pérdidas por inexactitud de los informes externos | D63: La información que se reporta a las autoridades competentes o centrales de riesgo no cuenta con una revisión adecuada por lo que se envían reportes inadecuados que dan lugar a sanciones | E63: 3 | F63: 1 | G63: =VLOOKUP(E63*F63,'riesgo inherente-Anexo '!C4:D28,2,TRUE) -> Bajo | H63: 1. Los informes enviados a la Supersolidaria, UIAF y Centrales de Riesgo son elaborados por la Contadora, Jefe de Crédito y Oficial de Cumplimiento y revisados por Auditoría Interna y Revisoría Fiscal. | I63: Contadora, oficial de cumplimiento | J63: Permanente | K63: Preventivo | L63: Alta | M63: 1 | N63: 1 | O63: =VLOOKUP((E63*F63)-(M63*N63),'riesgo inherente-Anexo '!C2:D28,2,TRUE) -> Bajo | P63: No se requiere | Q63: N.A. | R63: Baja | S63: Gestor de Riesgos | T63: 44926 | U63: Implementación
A64: 7 - Ejecución y administración de procesos | B64: 73 - Aceptación de clientes y documentación en contratación | C64: 731 - Inexistencia de autorizaciones, rechazos de los clientes | D64: No se incluye la autorización de la consulta y reporte a las centrales de riesgos en los formatos de vinculadción de contrapartes / No se actualiza la información anualmente / No se cuenta con contratos para negociaciones importantes | E64: 1 | F64: 1 | G64: =VLOOKUP(E64*F64,'riesgo inherente-Anexo '!C4:D28,2,TRUE) -> Bajo | H64: 1. La vinculación de contrapartes pasa por un estricto proceso de recolección y verificación de información, consulta en listas vinculantes y evaluación de riesgo. 2. La vinculación de asociados es autorizada por la Gerencia. Se niega básicamente porque resulte reportado en una lista vinculante, restrictiva o de riesgos o no presente los documentos requeridos 3. La contratación de proveedores es autorizada por la Gerencia y la Jefe de Servicios Financieros conforme a sus atribuciones y segun presupuesto elaborado por el Consejo de Administración. 4. Todas las operaciones son revisadas por el auxiliar de oficina y además cuentan con alguna instancia superior de verificación y autorización: Jefe de Servicios Financieros, contabilidad, Jefe de Crédito y Cartera y Auditoría Interna, antes de pasar a archivo. | I64: Auxiliar de oficina, Contabilidad, Jefe de Servicios Financieros, Crédito y Cartera, Gerencia | J64: Permanente | K64: Preventivo | L64: Alta | M64: 1 | N64: 1 | O64: =VLOOKUP((E64*F64)-(M64*N64),'riesgo inherente-Anexo '!C2:D28,2,TRUE) -> Bajo | P64: No se requiere | Q64: N.A. | R64: Baja | S64: Gestor de Riesgos | T64: 44926 | U64: Implementación
A65: 7 - Ejecución y administración de procesos | B65: 73 - Aceptación de clientes y documentación en contratación | C65: 732 - Documentos jurídicos inexistentes o incompletos | D65: No se cuenta con contratos que soporten la contratación de proveedores, empleados, abogados, el acuerdo técnico para las libranzas, acuerdos de patrocinio y demás negociaciones importantes | E65: 2 | F65: 2 | G65: =VLOOKUP(E65*F65,'riesgo inherente-Anexo '!C4:D28,2,TRUE) -> Bajo | H65: 1. Se cuenta con oficina externa especializada para apoyo jurídico en la elaboración de documentos 2. Los titulos valores como pagarés de deudores son custodiados en caja fuerte bajo responsabilidad de Jefe de Servicios Financieros y secretarias administrativas de sucursales. 3. Se depuran cada 3 meses (Jefe de oficina y secretarias administrativas) y se trasladan a archivo inactivo con sello de cancelado. Auditoría interna realiza muestreos. 4. Pagares preimpresos LINIX | I65: Gerencia y Cartera | J65: Permanente | K65: Preventivo | L65: Alta | M65: 1 | N65: 1 | O65: =VLOOKUP((E65*F65)-(M65*N65),'riesgo inherente-Anexo '!C2:D28,2,TRUE) -> Bajo | P65: Implementar pagaré desmaterializado | Q65: Gerencia y Riesgos | R65: Alta | S65: Gestor de Riesgos | T65: 44926 | U65: Diseño
A66: 7 - Ejecución y administración de procesos | B66: 74 - Gestión de cuentas de clientes | C66: 741 - Accesos no autorizados a cuentas | D66: No se cuenta con adecuados sistemas de control para acceso a las cuentas de los asociados por parte de personal no autorizado o de terceras personas | E66: 1 | F66: 5 | G66: =VLOOKUP(E66*F66,'riesgo inherente-Anexo '!C4:D28,2,TRUE) -> Bajo | H66: 1. Se cuenta con perfiles de usuario parametrizados por sistemas con autorización de gerencia que limita los accesos solo a los procesos o transacciones relativas a las funciones del cargo y con claves de acceso personalizadas que permiten evitar accesos no autorizados y trazabilidad de acceso y transacciones efectuadas por el usuario. 2. Se tienen cortafuegos y antivirus para evitar accesos externos no autorizados. | I66: Sistemas y gerencia | J66: Permanente | K66: Preventivo | L66: Alta | M66: 1 | N66: 1 | O66: =VLOOKUP((E66*F66)-(M66*N66),'riesgo inherente-Anexo '!C2:D28,2,TRUE) -> Bajo | P66: No se requiere | Q66: N.A. | R66: Baja | S66: Gestor de Riesgos | T66: 44926 | U66: Implementación
A67: 7 - Ejecución y administración de procesos | B67: 74 - Gestión de cuentas de clientes | C67: 742 - Perdidas por registros incorrectos de clientes | D67: Se cometen errores en los registros contables de los servicios y operaciones de la entidad afectando cuentas que no corresponden y que no pueden corregirse con posterioridad o porque se identifican tardíamente | E67: 1 | F67: 1 | G67: =VLOOKUP(E67*F67,'riesgo inherente-Anexo '!C4:D28,2,TRUE) -> Bajo | H67: 1. Diariamente se revisan las transacciones por el Auxiliar de oficina antes de pasarlos a Jefe de Servicios Financieros, contabilidad y cartera para sus respectivas firmas, revisiones y autorizaciones. 2. Diariamente se cierran las transacciones de cartera, aportes, captaciones 3. Auditoría interna efectúa revisiones sobre los movimientos diarios | I67: Auxiliar de oficina, Jefe de Servicios Financieros, contabilidad, crédito y Auditoría Interna | J67: Permanente | K67: Preventivo | L67: Alta | M67: 1 | N67: 1 | O67: =VLOOKUP((E67*F67)-(M67*N67),'riesgo inherente-Anexo '!C2:D28,2,TRUE) -> Bajo | P67: No se requiere | Q67: N.A. | R67: Baja | S67: Gestor de Riesgos | T67: 44926 | U67: Implementación
A68: 7 - Ejecución y administración de procesos | B68: 75 - Contrapartes comerciales | C68: 751 - Pérdida por fallas con contrapartes | D68: Las personas contratadas incumplen los contratos que se han pagado anticipadamente sin poliza de cumplimiento y buen manejo del anticipo / No se hace seguimiento al cumplimiento de lo contratado / No se hace evaluacion de proveedores / No se comparan alternativas de proveedores | E68: 1 | F68: 1 | G68: =VLOOKUP(E68*F68,'riesgo inherente-Anexo '!C4:D28,2,TRUE) -> Bajo | H68: 1. Las compras de bienes o servicios y toda contratación requiere autorización de gerencia basado en las atribuciones (hasta 1 smlmv) y presupuesto aprobado por el Consejo de Administración 2. Las negociaciones por cuantías mayores se respaldan con contratos 3. Para la entrega de anticipos en contrataciones de bienes y servicios por cuantías mayores se exige poliza de cumplimiento y buen manejo del anticipo. 4. Se solicitan en las compras tres o más cotizaciones cuando son cuantías mayores. 5. Los pagos se programan a proveedores una vez a la semana conforme a las condiciones de plazos y cumplimientos acordados | I68: Gerencia Contabilidad Jefe de Servicios Financieros | J68: Permanente | K68: Preventivo | L68: Alta | M68: 1 | N68: 1 | O68: =VLOOKUP((E68*F68)-(M68*N68),'riesgo inherente-Anexo '!C2:D28,2,TRUE) -> Bajo | P68: No se requiere | Q68: N.A. | R68: Baja | S68: Gestor de Riesgos | T68: 44926 | U68: Implementación
A69: 7 - Ejecución y administración de procesos | B69: 75 - Contrapartes comerciales | C69: 752 - Otros litigios con contrapartes diferentes a clientes | D69: Se incumplen contratos con proveedores por parte de la entidad | E69: 2 | F69: 3 | G69: =VLOOKUP(E69*F69,'riesgo inherente-Anexo '!C4:D28,2,TRUE) -> Moderado | H69: 1. La Cooperativa cuenta con una cultura de cumplimiento de sus compromisos y apego estricto a la ley 2. Se cuenta con abogados especializados para representar a la Cooperativa ante cualquier demanda | I69: Gerencia | J69: Permanente | K69: Preventivo | L69: Alta | M69: 1 | N69: 1 | O69: =VLOOKUP((E69*F69)-(M69*N69),'riesgo inherente-Anexo '!C2:D28,2,TRUE) -> Bajo | P69: No se requiere | Q69: N.A. | R69: Baja | S69: Gestor de Riesgos | T69: 44926 | U69: Implementación
A70: 7 - Ejecución y administración de procesos | B70: 76 - Proveedores | C70: 761 - Pérdida por fallas en subcontratación | D70: Se subcontratan procesos con terceras personas o entidades sin la adecuada capacidad o experiencia | E70: 1 | F70: 1 | G70: =VLOOKUP(E70*F70,'riesgo inherente-Anexo '!C4:D28,2,TRUE) -> Bajo | H70: 1. Solo se tiene outsourcing en sistemas 2. Se establece convenios de prestacion de servicios a los asociados con entidades especializadas en el ramo preferiblemente del sector solidario, especialmente en el campo de seguros y previsión exequial, así como convenios de CONSUMO para obtener descuentos | I70: Gerencia | J70: Permanente | K70: Preventivo | L70: Alta | M70: 1 | N70: 1 | O70: =VLOOKUP((E70*F70)-(M70*N70),'riesgo inherente-Anexo '!C2:D28,2,TRUE) -> Bajo | P70: No se requiere | Q70: N.A. | R70: Baja | S70: Gestor de Riesgos | T70: 44926 | U70: Implementación
A71: 7 - Ejecución y administración de procesos | B71: 76 - Proveedores | C71: 762 - Litigios con proveedores | D71: No se tienen contratos para operaciones importantes con proveedores que señalen las responsabilidades de las partes | E71: 1 | F71: 1 | G71: =VLOOKUP(E71*F71,'riesgo inherente-Anexo '!C4:D28,2,TRUE) -> Bajo | H71: 1. La Cooperativa cuenta con una cultura de cumplimiento de sus compromisos y apego esctricto a la ley 2. Se cuenta con abogados especializados para representar a la Cooperativa ante cualquier demanda | I71: Gerencia | J71: Permanente | K71: Preventivo | L71: Alta | M71: 1 | N71: 1 | O71: =VLOOKUP((E71*F71)-(M71*N71),'riesgo inherente-Anexo '!C2:D28,2,TRUE) -> Bajo | P71: No se requiere | Q71: N.A. | R71: Baja | S71: Gestor de Riesgos | T71: 44926 | U71: Implementación
A72: 7 - Ejecución y administración de procesos | B72: 76 - Proveedores | C72: 763 - Incumplimiento de las actividades contratadas | D72: Los proveedores no cumplen sus contratos y no se tienen pólizas de cumplimiento y buen manejo del anticipo / no se fija contractualmente cronograma, tiempos, cantidades y calidades de los servicios y bienes contratados | E72: 1 | F72: 1 | G72: =VLOOKUP(E72*F72,'riesgo inherente-Anexo '!C4:D28,2,TRUE) -> Bajo | H72: 1. Las compras de bienes o servicios y toda contratación requiere autorización de gerencia basado en sus atribuciones y el presupuesto aprobado por el Consejo de Administración 2. Las negociaciones por cuantías mayores se respaldan con contratos 3. Para la entrega de anticipos en contrataciones de bienes y servicios por cuantías mayores se exige poliza de cumplimiento y buen manejo del anticipo. 4. Se solicitan en las compras dos o más cotizaciones cuando son cuantías mayores. 5. Previo al pago se efectúa evaluación de cumplimiento y entrega a satisfacción por parte del responsable de recibir el bien o servicio y se efectúan las autorizaciones debidas para el pago por parte de Gerencia y/o Jefe de Servicios Financieros. | I72: Gerencia | J72: Permanente | K72: Preventivo | L72: Alta | M72: 1 | N72: 1 | O72: =VLOOKUP((E72*F72)-(M72*N72),'riesgo inherente-Anexo '!C2:D28,2,TRUE) -> Bajo | P72: No se requiere | Q72: N.A. | R72: Baja | S72: Gestor de Riesgos | T72: 44926 | U72: Implementación

Sheet Plan de Continuidad
A1: EVENTO | B1: DESCRIPCION ESTADO ACTUAL | C1: ACTIVIDADES A REALIZAR PARA RECUPERAR EL SERVICIO | D1: RESPONSABLE DE EJECUTAR EL PLAN | E1: TAREAS PENDIENTE DE REALIZAR | F1: TIEMPO DE RECUPERACIÓN | G1: MEJORAS AL SERVICIO
A2: INTERNET | B2: El canal principal es en FIBRA OPTICA y se tiene un canal para contigencias de BANDA ANCHA con otra empresa diferente. | C2: En caso de que se caiga la conexión por FIBRA OPTICA, se conecta automáticamente el CANAL de BANDA ANCHA. | D2: Automático. Asistente de Gerencia | E2: Ninguna | F2: Inmediato | G2: Ninguna
A3: SWICHT | B3: CAJA UNION cuenta con dos equipos para esta función y un equipo de respaldo en caso de falla | C3: Si falla un equipo, se procede a la instalación inmediata del respaldo. El tiempo aproximado del reemplazo es 10 minutos. | D3: Asistente de Gerencia y Gerente. Ambos técnicos en sistemas y redes | E3: Ninguna | F3: 10 minutos | G3: Ninguna
A4: ENERGIA | B4: Se cuenta con UPS | C4: La UPS soporta hasta 2 horas de funcionamiento sin energía | D4: Automático. Asistente de Gerencia | E4: Ninguna | F4: AUTOMATICO
A5: DESTRUCCION DE LAS OFICINAS (incendio, terremoto, terrorismo, asonada) | B5: La oficina es arrendada localizada en el Centro de Cúcuta (Norte de Santander) a dos cuadras de la Avenida CERO. El municipio es de bajo riesgo en orden público, sísmico y de inundaciones y cuenta con alarmas contra incendio. CAJA UNION es miembro de la red COOPCENTRAL lo que significa que los asociados pueden hacer sus transacciones en cualquiera de las casi 500 oficinas que forman parte de la RED | C5: FASE I: el Gerente con uno o dos empleados más puede conectarse con sus equipos portátiles a la RED para efectuar pagos y transferencias (retiros de ahorros o desembolsos). Aquellos que no tengan cuenta bancaria se les podrá girar cheque. FASE II: Arrendar LOCAL COMERCIAL y efectuar las adecuaciones físicas necesarias para los puestos de trabajo prioritarios de servicio CAJAS, la red (contratista usual) y los equipos (se compran). La información está en la "NUBE". Se requiere hacer publicidad para informar del evento y nuevo lugar de trabajo. | D5: Gerencia y Asitente de Gerencia | E5: Lograr que la mayoria de los asociados cuente con Tarjeta Débito para disponer de sus recursos a través de la red de cajeros automáticos o pago directo | F5: FASE I: 2 horas / FASE II: 48 horas. En caso de terremoto, la Fase I podría tardarse 48 horas y la Fase II una semana. | G5: Implementar CORRSPONSALES BANCARIOS e informar a todos los asociados las entidades que integral la RED Coopcentral
A6: FALLO DE EQUIPOS por daño físico | B6: Los equipos son propios (computadores, impresoras, telefonos) y tienen plan de mantenimiento, seguros. Se reponen por obsolescencia o daño. Se tiene sistema a tierra para evitar quema masiva por rayo | C6: Se cuenta con dos equipos portátiles de contingencia para atender daños imprevistos. | D6: Asistente de Gerencia y Gerente. Ambos técnicos en sistemas y redes | E6: Ninguna | F6: Inmediato | G6: Ninguna
A7: TELEFONO | B7: Se cuenta con 4 lineas FIJAS y 4 Celulares | C7: La lineas FIJAS son con la unica empresa que opera en el Municipio y las celulares con CLARO en caso de falla de las fijas se recurre a los telefonos celulares CLARO corporativos y los personales. En caso de que los celulares corporativos fallen, se tendría que comprar o habilitar un servicio con otro proveedor en los telefonos celulares personales | D7: Asistente de Gerencia | E7: Ninguna | F7: Inmediato | G7: Ninguna
A8: DATOS DE USUARIO y APLICATIVO | B8: La información de cada usuario se almacena en su equipos de computo y este a su vez se le efectúa backup en el SERVIDOR DE DOMINIO. La información informacion del aplicativo está en la NUBE en Datacenter replicado en otros 2 servidores, uno fuera del país. Se cuenta con seguridad contra ataques informáticos y captura de información por sofware malicioso | C8: Solicitar al Asistente de Gerencia el descargue de la información requerida del Backup. | D8: Asistente de Gerencia | E8: Automatizar backup de archivos de trabajo de usuarios en la NUBE o dispositivo fuera de las instalaciones de la Cooperativa | F8: 5 minutos | G8: Manejar toda la información laboral en una sola carpeta, que no este en mis documentos o el escritorio, ubicaciones mas vulnerables a perdida de información.
A9: PERSONAL CLAVE DE LA GERENCIA | B9: El gerente y asistente de Gerencia tienen firmas registradas en Bancos y la Secretaria de Gerencia es Representante Legal Suplente | C9: En caso de ausencia por cualquier motivo del personal CLAVE de la GERENCIA existen personas con firmas y atribuciones que permiten que la Cooperativa continue operando bajo condiciones normales. En caso de ausencia del Contador la Cooperativa no se paraliza y el Gerente está en capacidad de reemplazarlo temporalmente. | D9: Gerencia y Asitente de Gerencia | E9: Ninguna | F9: Inmediato | G9: Ninguna
B13: ELABORO | C13: APROBO
B17: FIRMA Y NOMBRE | C17: FIRMA Y NOMBRE

Sheet riesgo inherente-Anexo 
A1: Proabilidad | B1: Severidad | C1: SCORE | D1: Riesgo Inherente | F1: Riesgo Inherente | G1: Frecuencia Control | H1: Tipo de Control | I1: Efectividad | J1: Estado Implementación
A2: 0 | B2: 0 | C2: -999 | D2: Bajo | F2: Bajo | G2: Permanente | H2: Detectivo | I2: Alta | J2: Planeación
A3: 0 | B3: 1 | C3: 0 | D3: Bajo | F3: Moderado | G3: Periódico | H3: Preventivo | I3: Media | J3: Diseño
A4: 1 | B4: 1 | C4: =+A4*B4 -> 1 | D4: Bajo | F4: Alto | G4: Esporádico | I4: Baja | J4: Pruebas
A5: 2 | B5: 1 | C5: =+A5*B5 -> 2 | D5: Bajo | F5: Crítico | G5: Anual | J5: Implementación
A6: 1 | B6: 2 | C6: =+A6*B6 -> 2 | D6: Bajo | G6: Unica | J6: Funcionamiento
A7: 3 | B7: 1 | C7: =+A7*B7 -> 3 | D7: Bajo
A8: 1 | B8: 3 | C8: =+A8*B8 -> 3 | D8: Bajo
A9: 4 | B9: 1 | C9: =+A9*B9 -> 4 | D9: Bajo
A10: 2 | B10: 2 | C10: =+A10*B10 -> 4 | D10: Bajo
A11: 1 | B11: 4 | C11: =+A11*B11 -> 4 | D11: Bajo
A12: 5 | B12: 1 | C12: =+A12*B12 -> 5 | D12: Bajo
A13: 1 | B13: 5 | C13: =+A13*B13 -> 5 | D13: Bajo
A14: 3 | B14: 2 | C14: =+A14*B14 -> 6 | D14: Moderado
A15: 2 | B15: 3 | C15: =+A15*B15 -> 6 | D15: Moderado
A16: 4 | B16: 2 | C16: =+A16*B16 -> 8 | D16: Moderado
A17: 2 | B17: 4 | C17: =+A17*B17 -> 8 | D17: Moderado
A18: 3 | B18: 3 | C18: =+A18*B18 -> 9 | D18: Moderado
... A28: 5 | B28: 5 | C28: =+A28*B28 -> 25 | D28: Crítico

Sheet Codificacion
A1: Factores de Riesgo | B1: Cod | C1: Categorías de Riesgos | D1: Cod | E1: Macroprocesos
A2: Fraude Interno | B2: 1 | C2: Fraude Interno | D2: 1 | E2: Gestion Gerencial
A3: Fraude Externo | B3: 2 | C3: Fraude Externo | D3: 2 | E3: Vinculación
A4: Relaciones Laborales | B4: 3 | C4: Relaciones Laborales | D4: 3 | E4: Crédito
A5: Asociados o clientes | B5: 4 | C5: Asociados o clientes | D5: 4 | E5: Ahorro
A6: Daños a Activos Físicos | B6: 5 | C6: Daños a Activos Físicos | D6: 5 | E6: Fondos Sociales y Bienestar
A7: Fallas Tecnologicas | B7: 6 | C7: Fallas Tecnologicas | D7: 6 | E7: Talento Humano
A8: Ejecución y Administración de Procesos | B8: 7 | C8: Ejecución y Administración de Procesos | D8: 7 | E8: Contabilidad y Gestion Administrativa
G10: Base Año 2021
B11: PROBABILIDAD | E11: IMPACTO | F11: % de los ingresos ordinarios anuales sin recuperaciones | G11: Desde | H11: Hasta
A12: 1 | B12: 1. Improbable | E12: 1. Bajo | F12: Hasta 0,5% | G12: 0 | H12: 28704496
A13: 2 | B13: 2. Raro | E13: 2. Menor | F13: >0,5% hasta 1% | G13: 28704496 | H13: 57408993
A14: 3 | B14: 3. Potencia | E14: 3. Moderado | F14: >1% hasta 3% | G14: 57408993 | H14: 1.7222698e+08
A15: 4 | B15: 4. Probable | E15: 4. Mayor | F15: >3% hasta 10% | G15: 1.7222698e+08 | H15: 5.7408993e+08
A16: 5 | B16: 5. Casi Certeza | E16: 5. Catastrófico | F16: >10% | G16: 5.7408993e+08 | H16: 5.7408993e+09
